%YAML 1.1
%TAG !u! tag:unity3d.com,2011:
--- !u!1 &7151790706685897553
GameObject:
  m_ObjectHideFlags: 0
  m_CorrespondingSourceObject: {fileID: 0}
  m_PrefabInstance: {fileID: 0}
  m_PrefabAsset: {fileID: 0}
  serializedVersion: 6
  m_Component:
  - component: {fileID: 7151790706685897552}
  m_Layer: 0
  m_Name: RoadGap3
  m_TagString: Untagged
  m_Icon: {fileID: 0}
  m_NavMeshLayer: 0
  m_StaticEditorFlags: 2147483647
  m_IsActive: 1
--- !u!4 &7151790706685897552
Transform:
  m_ObjectHideFlags: 0
  m_CorrespondingSourceObject: {fileID: 0}
  m_PrefabInstance: {fileID: 0}
  m_PrefabAsset: {fileID: 0}
  m_GameObject: {fileID: 7151790706685897553}
  m_LocalRotation: {x: 0, y: 0, z: 0, w: 1}
  m_LocalPosition: {x: 92.16, y: 0.40525126, z: 80.29}
  m_LocalScale: {x: 1, y: 1, z: 1}
  m_ConstrainProportionsScale: 0
  m_Children:
  - {fileID: 5527190350517694435}
  - {fileID: 4531084359993453789}
  - {fileID: 7172176303699198321}
  - {fileID: 6721295054326431763}
  - {fileID: 8169212832741467546}
  - {fileID: 5209725860735368260}
  - {fileID: 6520132071024948078}
  - {fileID: 2483702067391973609}
  - {fileID: 1203111670243133456}
  m_Father: {fileID: 0}
  m_RootOrder: 0
  m_LocalEulerAnglesHint: {x: 0, y: 0, z: 0}
--- !u!1001 &1521001716039005836
PrefabInstance:
  m_ObjectHideFlags: 0
  serializedVersion: 2
  m_Modification:
    m_TransformParent: {fileID: 7151790706685897552}
    m_Modifications:
    - target: {fileID: 408104288221118108, guid: 1fc78e3a66b1bb44fa03b4f480f28661, type: 3}
      propertyPath: m_RootOrder
      value: 8
      objectReference: {fileID: 0}
    - target: {fileID: 408104288221118108, guid: 1fc78e3a66b1bb44fa03b4f480f28661, type: 3}
      propertyPath: m_LocalPosition.x
      value: -0.33
      objectReference: {fileID: 0}
    - target: {fileID: 408104288221118108, guid: 1fc78e3a66b1bb44fa03b4f480f28661, type: 3}
      propertyPath: m_LocalPosition.y
      value: 0.76
      objectReference: {fileID: 0}
    - target: {fileID: 408104288221118108, guid: 1fc78e3a66b1bb44fa03b4f480f28661, type: 3}
      propertyPath: m_LocalPosition.z
      value: -16.17
      objectReference: {fileID: 0}
    - target: {fileID: 408104288221118108, guid: 1fc78e3a66b1bb44fa03b4f480f28661, type: 3}
      propertyPath: m_LocalRotation.w
      value: 0.99980485
      objectReference: {fileID: 0}
    - target: {fileID: 408104288221118108, guid: 1fc78e3a66b1bb44fa03b4f480f28661, type: 3}
      propertyPath: m_LocalRotation.x
      value: -0
      objectReference: {fileID: 0}
    - target: {fileID: 408104288221118108, guid: 1fc78e3a66b1bb44fa03b4f480f28661, type: 3}
      propertyPath: m_LocalRotation.y
      value: 0.019757912
      objectReference: {fileID: 0}
    - target: {fileID: 408104288221118108, guid: 1fc78e3a66b1bb44fa03b4f480f28661, type: 3}
      propertyPath: m_LocalRotation.z
      value: -0
      objectReference: {fileID: 0}
    - target: {fileID: 408104288221118108, guid: 1fc78e3a66b1bb44fa03b4f480f28661, type: 3}
      propertyPath: m_LocalEulerAnglesHint.x
      value: 0
      objectReference: {fileID: 0}
    - target: {fileID: 408104288221118108, guid: 1fc78e3a66b1bb44fa03b4f480f28661, type: 3}
      propertyPath: m_LocalEulerAnglesHint.y
      value: 2.264
      objectReference: {fileID: 0}
    - target: {fileID: 408104288221118108, guid: 1fc78e3a66b1bb44fa03b4f480f28661, type: 3}
      propertyPath: m_LocalEulerAnglesHint.z
      value: 0
      objectReference: {fileID: 0}
    - target: {fileID: 716276361414277642, guid: 1fc78e3a66b1bb44fa03b4f480f28661, type: 3}
      propertyPath: m_LocalPosition.x
      value: -1.3475139
      objectReference: {fileID: 0}
    - target: {fileID: 716276361414277642, guid: 1fc78e3a66b1bb44fa03b4f480f28661, type: 3}
      propertyPath: m_LocalPosition.y
      value: -0.16
      objectReference: {fileID: 0}
    - target: {fileID: 716276361414277642, guid: 1fc78e3a66b1bb44fa03b4f480f28661, type: 3}
      propertyPath: m_LocalPosition.z
      value: 0.26607615
      objectReference: {fileID: 0}
    - target: {fileID: 716276361414277642, guid: 1fc78e3a66b1bb44fa03b4f480f28661, type: 3}
      propertyPath: m_LocalRotation.w
      value: 0.9840624
      objectReference: {fileID: 0}
    - target: {fileID: 716276361414277642, guid: 1fc78e3a66b1bb44fa03b4f480f28661, type: 3}
      propertyPath: m_LocalRotation.x
      value: 0.03880194
      objectReference: {fileID: 0}
    - target: {fileID: 716276361414277642, guid: 1fc78e3a66b1bb44fa03b4f480f28661, type: 3}
      propertyPath: m_LocalRotation.y
      value: 0.0009911547
      objectReference: {fileID: 0}
    - target: {fileID: 716276361414277642, guid: 1fc78e3a66b1bb44fa03b4f480f28661, type: 3}
      propertyPath: m_LocalRotation.z
      value: 0.17353599
      objectReference: {fileID: 0}
    - target: {fileID: 716276361414277642, guid: 1fc78e3a66b1bb44fa03b4f480f28661, type: 3}
      propertyPath: m_LocalEulerAnglesHint.x
      value: 4.36
      objectReference: {fileID: 0}
    - target: {fileID: 716276361414277642, guid: 1fc78e3a66b1bb44fa03b4f480f28661, type: 3}
      propertyPath: m_LocalEulerAnglesHint.y
      value: 0.886
      objectReference: {fileID: 0}
    - target: {fileID: 716276361414277642, guid: 1fc78e3a66b1bb44fa03b4f480f28661, type: 3}
      propertyPath: m_LocalEulerAnglesHint.z
      value: 20.036
      objectReference: {fileID: 0}
    - target: {fileID: 718423891287397456, guid: 1fc78e3a66b1bb44fa03b4f480f28661, type: 3}
      propertyPath: m_IsActive
      value: 0
      objectReference: {fileID: 0}
    - target: {fileID: 775733294123302875, guid: 1fc78e3a66b1bb44fa03b4f480f28661, type: 3}
      propertyPath: m_LocalPosition.x
      value: -1.7991489
      objectReference: {fileID: 0}
    - target: {fileID: 775733294123302875, guid: 1fc78e3a66b1bb44fa03b4f480f28661, type: 3}
      propertyPath: m_LocalPosition.y
      value: -0.25
      objectReference: {fileID: 0}
    - target: {fileID: 775733294123302875, guid: 1fc78e3a66b1bb44fa03b4f480f28661, type: 3}
      propertyPath: m_LocalPosition.z
      value: 0.63779414
      objectReference: {fileID: 0}
    - target: {fileID: 775733294123302875, guid: 1fc78e3a66b1bb44fa03b4f480f28661, type: 3}
      propertyPath: m_LocalRotation.w
      value: 0.98273444
      objectReference: {fileID: 0}
    - target: {fileID: 775733294123302875, guid: 1fc78e3a66b1bb44fa03b4f480f28661, type: 3}
      propertyPath: m_LocalRotation.x
      value: 0.010152769
      objectReference: {fileID: 0}
    - target: {fileID: 775733294123302875, guid: 1fc78e3a66b1bb44fa03b4f480f28661, type: 3}
      propertyPath: m_LocalRotation.y
      value: -0.002126102
      objectReference: {fileID: 0}
    - target: {fileID: 775733294123302875, guid: 1fc78e3a66b1bb44fa03b4f480f28661, type: 3}
      propertyPath: m_LocalRotation.z
      value: 0.18473099
      objectReference: {fileID: 0}
    - target: {fileID: 775733294123302875, guid: 1fc78e3a66b1bb44fa03b4f480f28661, type: 3}
      propertyPath: m_LocalEulerAnglesHint.x
      value: 1.188
      objectReference: {fileID: 0}
    - target: {fileID: 775733294123302875, guid: 1fc78e3a66b1bb44fa03b4f480f28661, type: 3}
      propertyPath: m_LocalEulerAnglesHint.y
      value: -0.025
      objectReference: {fileID: 0}
    - target: {fileID: 775733294123302875, guid: 1fc78e3a66b1bb44fa03b4f480f28661, type: 3}
      propertyPath: m_LocalEulerAnglesHint.z
      value: 21.292
      objectReference: {fileID: 0}
    - target: {fileID: 1072472560233079846, guid: 1fc78e3a66b1bb44fa03b4f480f28661, type: 3}
      propertyPath: m_Name
      value: SM_Pipes (3)
      objectReference: {fileID: 0}
    - target: {fileID: 2040204536221451068, guid: 1fc78e3a66b1bb44fa03b4f480f28661, type: 3}
      propertyPath: m_IsActive
      value: 0
      objectReference: {fileID: 0}
    - target: {fileID: 4649867104345205412, guid: 1fc78e3a66b1bb44fa03b4f480f28661, type: 3}
      propertyPath: m_StaticEditorFlags
      value: 2147483647
      objectReference: {fileID: 0}
    - target: {fileID: 5525167967550976496, guid: 1fc78e3a66b1bb44fa03b4f480f28661, type: 3}
      propertyPath: m_LocalPosition.x
      value: -2.1436577
      objectReference: {fileID: 0}
    - target: {fileID: 5525167967550976496, guid: 1fc78e3a66b1bb44fa03b4f480f28661, type: 3}
      propertyPath: m_LocalPosition.y
      value: 0.15
      objectReference: {fileID: 0}
    - target: {fileID: 5525167967550976496, guid: 1fc78e3a66b1bb44fa03b4f480f28661, type: 3}
      propertyPath: m_LocalPosition.z
      value: 0.67312676
      objectReference: {fileID: 0}
    - target: {fileID: 5525167967550976496, guid: 1fc78e3a66b1bb44fa03b4f480f28661, type: 3}
      propertyPath: m_LocalRotation.w
      value: 0.98188436
      objectReference: {fileID: 0}
    - target: {fileID: 5525167967550976496, guid: 1fc78e3a66b1bb44fa03b4f480f28661, type: 3}
      propertyPath: m_LocalRotation.x
      value: 0.0049324566
      objectReference: {fileID: 0}
    - target: {fileID: 5525167967550976496, guid: 1fc78e3a66b1bb44fa03b4f480f28661, type: 3}
      propertyPath: m_LocalRotation.y
      value: 0.05854983
      objectReference: {fileID: 0}
    - target: {fileID: 5525167967550976496, guid: 1fc78e3a66b1bb44fa03b4f480f28661, type: 3}
      propertyPath: m_LocalRotation.z
      value: 0.18014081
      objectReference: {fileID: 0}
    - target: {fileID: 5525167967550976496, guid: 1fc78e3a66b1bb44fa03b4f480f28661, type: 3}
      propertyPath: m_LocalEulerAnglesHint.x
      value: -0.654
      objectReference: {fileID: 0}
    - target: {fileID: 5525167967550976496, guid: 1fc78e3a66b1bb44fa03b4f480f28661, type: 3}
      propertyPath: m_LocalEulerAnglesHint.y
      value: 6.705
      objectReference: {fileID: 0}
    - target: {fileID: 5525167967550976496, guid: 1fc78e3a66b1bb44fa03b4f480f28661, type: 3}
      propertyPath: m_LocalEulerAnglesHint.z
      value: 20.754
      objectReference: {fileID: 0}
    - target: {fileID: 5525167968524502930, guid: 1fc78e3a66b1bb44fa03b4f480f28661, type: 3}
      propertyPath: m_LocalPosition.x
      value: -1.6446868
      objectReference: {fileID: 0}
    - target: {fileID: 5525167968524502930, guid: 1fc78e3a66b1bb44fa03b4f480f28661, type: 3}
      propertyPath: m_LocalPosition.y
      value: 0.16
      objectReference: {fileID: 0}
    - target: {fileID: 5525167968524502930, guid: 1fc78e3a66b1bb44fa03b4f480f28661, type: 3}
      propertyPath: m_LocalPosition.z
      value: 0.6297774
      objectReference: {fileID: 0}
    - target: {fileID: 5525167968524502930, guid: 1fc78e3a66b1bb44fa03b4f480f28661, type: 3}
      propertyPath: m_LocalRotation.w
      value: 0.9817484
      objectReference: {fileID: 0}
    - target: {fileID: 5525167968524502930, guid: 1fc78e3a66b1bb44fa03b4f480f28661, type: 3}
      propertyPath: m_LocalRotation.x
      value: 0.01706582
      objectReference: {fileID: 0}
    - target: {fileID: 5525167968524502930, guid: 1fc78e3a66b1bb44fa03b4f480f28661, type: 3}
      propertyPath: m_LocalRotation.y
      value: 0.0607714
      objectReference: {fileID: 0}
    - target: {fileID: 5525167968524502930, guid: 1fc78e3a66b1bb44fa03b4f480f28661, type: 3}
      propertyPath: m_LocalRotation.z
      value: 0.17940356
      objectReference: {fileID: 0}
    - target: {fileID: 5525167968524502930, guid: 1fc78e3a66b1bb44fa03b4f480f28661, type: 3}
      propertyPath: m_LocalEulerAnglesHint.x
      value: 0.671
      objectReference: {fileID: 0}
    - target: {fileID: 5525167968524502930, guid: 1fc78e3a66b1bb44fa03b4f480f28661, type: 3}
      propertyPath: m_LocalEulerAnglesHint.y
      value: 7.207
      objectReference: {fileID: 0}
    - target: {fileID: 5525167968524502930, guid: 1fc78e3a66b1bb44fa03b4f480f28661, type: 3}
      propertyPath: m_LocalEulerAnglesHint.z
      value: 20.754
      objectReference: {fileID: 0}
    - target: {fileID: 6597482598354791301, guid: 1fc78e3a66b1bb44fa03b4f480f28661, type: 3}
      propertyPath: m_LocalPosition.x
      value: -2.263244
      objectReference: {fileID: 0}
    - target: {fileID: 6597482598354791301, guid: 1fc78e3a66b1bb44fa03b4f480f28661, type: 3}
      propertyPath: m_LocalPosition.y
      value: -0.35
      objectReference: {fileID: 0}
    - target: {fileID: 6597482598354791301, guid: 1fc78e3a66b1bb44fa03b4f480f28661, type: 3}
      propertyPath: m_LocalPosition.z
      value: 0.04866264
      objectReference: {fileID: 0}
    - target: {fileID: 6597482598354791301, guid: 1fc78e3a66b1bb44fa03b4f480f28661, type: 3}
      propertyPath: m_LocalRotation.w
      value: 0.98248625
      objectReference: {fileID: 0}
    - target: {fileID: 6597482598354791301, guid: 1fc78e3a66b1bb44fa03b4f480f28661, type: 3}
      propertyPath: m_LocalRotation.x
      value: -0.024304865
      objectReference: {fileID: 0}
    - target: {fileID: 6597482598354791301, guid: 1fc78e3a66b1bb44fa03b4f480f28661, type: 3}
      propertyPath: m_LocalRotation.y
      value: -0.00860092
      objectReference: {fileID: 0}
    - target: {fileID: 6597482598354791301, guid: 1fc78e3a66b1bb44fa03b4f480f28661, type: 3}
      propertyPath: m_LocalRotation.z
      value: 0.18454288
      objectReference: {fileID: 0}
    - target: {fileID: 6597482598354791301, guid: 1fc78e3a66b1bb44fa03b4f480f28661, type: 3}
      propertyPath: m_LocalEulerAnglesHint.x
      value: -2.555
      objectReference: {fileID: 0}
    - target: {fileID: 6597482598354791301, guid: 1fc78e3a66b1bb44fa03b4f480f28661, type: 3}
      propertyPath: m_LocalEulerAnglesHint.y
      value: -1.484
      objectReference: {fileID: 0}
    - target: {fileID: 6597482598354791301, guid: 1fc78e3a66b1bb44fa03b4f480f28661, type: 3}
      propertyPath: m_LocalEulerAnglesHint.z
      value: 21.309
      objectReference: {fileID: 0}
    m_RemovedComponents: []
  m_SourcePrefab: {fileID: 100100000, guid: 1fc78e3a66b1bb44fa03b4f480f28661, type: 3}
--- !u!4 &1203111670243133456 stripped
Transform:
  m_CorrespondingSourceObject: {fileID: 408104288221118108, guid: 1fc78e3a66b1bb44fa03b4f480f28661, type: 3}
  m_PrefabInstance: {fileID: 1521001716039005836}
  m_PrefabAsset: {fileID: 0}
--- !u!1001 &2872735188099987061
PrefabInstance:
  m_ObjectHideFlags: 0
  serializedVersion: 2
  m_Modification:
    m_TransformParent: {fileID: 7151790706685897552}
    m_Modifications:
    - target: {fileID: 408104288221118108, guid: 1fc78e3a66b1bb44fa03b4f480f28661, type: 3}
      propertyPath: m_RootOrder
      value: 7
      objectReference: {fileID: 0}
    - target: {fileID: 408104288221118108, guid: 1fc78e3a66b1bb44fa03b4f480f28661, type: 3}
      propertyPath: m_LocalPosition.x
      value: -1.2227554
      objectReference: {fileID: 0}
    - target: {fileID: 408104288221118108, guid: 1fc78e3a66b1bb44fa03b4f480f28661, type: 3}
      propertyPath: m_LocalPosition.y
      value: 0
      objectReference: {fileID: 0}
    - target: {fileID: 408104288221118108, guid: 1fc78e3a66b1bb44fa03b4f480f28661, type: 3}
      propertyPath: m_LocalPosition.z
      value: -16.07785
      objectReference: {fileID: 0}
    - target: {fileID: 408104288221118108, guid: 1fc78e3a66b1bb44fa03b4f480f28661, type: 3}
      propertyPath: m_LocalRotation.w
      value: 0.99921656
      objectReference: {fileID: 0}
    - target: {fileID: 408104288221118108, guid: 1fc78e3a66b1bb44fa03b4f480f28661, type: 3}
      propertyPath: m_LocalRotation.x
      value: -0
      objectReference: {fileID: 0}
    - target: {fileID: 408104288221118108, guid: 1fc78e3a66b1bb44fa03b4f480f28661, type: 3}
      propertyPath: m_LocalRotation.y
      value: -0.039576523
      objectReference: {fileID: 0}
    - target: {fileID: 408104288221118108, guid: 1fc78e3a66b1bb44fa03b4f480f28661, type: 3}
      propertyPath: m_LocalRotation.z
      value: -0
      objectReference: {fileID: 0}
    - target: {fileID: 408104288221118108, guid: 1fc78e3a66b1bb44fa03b4f480f28661, type: 3}
      propertyPath: m_LocalEulerAnglesHint.x
      value: 0
      objectReference: {fileID: 0}
    - target: {fileID: 408104288221118108, guid: 1fc78e3a66b1bb44fa03b4f480f28661, type: 3}
      propertyPath: m_LocalEulerAnglesHint.y
      value: -4.536
      objectReference: {fileID: 0}
    - target: {fileID: 408104288221118108, guid: 1fc78e3a66b1bb44fa03b4f480f28661, type: 3}
      propertyPath: m_LocalEulerAnglesHint.z
      value: 0
      objectReference: {fileID: 0}
    - target: {fileID: 716276361414277642, guid: 1fc78e3a66b1bb44fa03b4f480f28661, type: 3}
      propertyPath: m_LocalPosition.x
      value: -1.3475139
      objectReference: {fileID: 0}
    - target: {fileID: 716276361414277642, guid: 1fc78e3a66b1bb44fa03b4f480f28661, type: 3}
      propertyPath: m_LocalPosition.y
      value: -0.16
      objectReference: {fileID: 0}
    - target: {fileID: 716276361414277642, guid: 1fc78e3a66b1bb44fa03b4f480f28661, type: 3}
      propertyPath: m_LocalPosition.z
      value: 0.26607615
      objectReference: {fileID: 0}
    - target: {fileID: 716276361414277642, guid: 1fc78e3a66b1bb44fa03b4f480f28661, type: 3}
      propertyPath: m_LocalRotation.w
      value: 0.9840624
      objectReference: {fileID: 0}
    - target: {fileID: 716276361414277642, guid: 1fc78e3a66b1bb44fa03b4f480f28661, type: 3}
      propertyPath: m_LocalRotation.x
      value: 0.03880194
      objectReference: {fileID: 0}
    - target: {fileID: 716276361414277642, guid: 1fc78e3a66b1bb44fa03b4f480f28661, type: 3}
      propertyPath: m_LocalRotation.y
      value: 0.0009911547
      objectReference: {fileID: 0}
    - target: {fileID: 716276361414277642, guid: 1fc78e3a66b1bb44fa03b4f480f28661, type: 3}
      propertyPath: m_LocalRotation.z
      value: 0.17353599
      objectReference: {fileID: 0}
    - target: {fileID: 716276361414277642, guid: 1fc78e3a66b1bb44fa03b4f480f28661, type: 3}
      propertyPath: m_LocalEulerAnglesHint.x
      value: 4.36
      objectReference: {fileID: 0}
    - target: {fileID: 716276361414277642, guid: 1fc78e3a66b1bb44fa03b4f480f28661, type: 3}
      propertyPath: m_LocalEulerAnglesHint.y
      value: 0.886
      objectReference: {fileID: 0}
    - target: {fileID: 716276361414277642, guid: 1fc78e3a66b1bb44fa03b4f480f28661, type: 3}
      propertyPath: m_LocalEulerAnglesHint.z
      value: 20.036
      objectReference: {fileID: 0}
    - target: {fileID: 718423891287397456, guid: 1fc78e3a66b1bb44fa03b4f480f28661, type: 3}
      propertyPath: m_IsActive
      value: 0
      objectReference: {fileID: 0}
    - target: {fileID: 775733294123302875, guid: 1fc78e3a66b1bb44fa03b4f480f28661, type: 3}
      propertyPath: m_LocalPosition.x
      value: -1.7991489
      objectReference: {fileID: 0}
    - target: {fileID: 775733294123302875, guid: 1fc78e3a66b1bb44fa03b4f480f28661, type: 3}
      propertyPath: m_LocalPosition.y
      value: -0.25
      objectReference: {fileID: 0}
    - target: {fileID: 775733294123302875, guid: 1fc78e3a66b1bb44fa03b4f480f28661, type: 3}
      propertyPath: m_LocalPosition.z
      value: 0.63779414
      objectReference: {fileID: 0}
    - target: {fileID: 775733294123302875, guid: 1fc78e3a66b1bb44fa03b4f480f28661, type: 3}
      propertyPath: m_LocalRotation.w
      value: 0.98273444
      objectReference: {fileID: 0}
    - target: {fileID: 775733294123302875, guid: 1fc78e3a66b1bb44fa03b4f480f28661, type: 3}
      propertyPath: m_LocalRotation.x
      value: 0.010152769
      objectReference: {fileID: 0}
    - target: {fileID: 775733294123302875, guid: 1fc78e3a66b1bb44fa03b4f480f28661, type: 3}
      propertyPath: m_LocalRotation.y
      value: -0.002126102
      objectReference: {fileID: 0}
    - target: {fileID: 775733294123302875, guid: 1fc78e3a66b1bb44fa03b4f480f28661, type: 3}
      propertyPath: m_LocalRotation.z
      value: 0.18473099
      objectReference: {fileID: 0}
    - target: {fileID: 775733294123302875, guid: 1fc78e3a66b1bb44fa03b4f480f28661, type: 3}
      propertyPath: m_LocalEulerAnglesHint.x
      value: 1.188
      objectReference: {fileID: 0}
    - target: {fileID: 775733294123302875, guid: 1fc78e3a66b1bb44fa03b4f480f28661, type: 3}
      propertyPath: m_LocalEulerAnglesHint.y
      value: -0.025
      objectReference: {fileID: 0}
    - target: {fileID: 775733294123302875, guid: 1fc78e3a66b1bb44fa03b4f480f28661, type: 3}
      propertyPath: m_LocalEulerAnglesHint.z
      value: 21.292
      objectReference: {fileID: 0}
    - target: {fileID: 1072472560233079846, guid: 1fc78e3a66b1bb44fa03b4f480f28661, type: 3}
      propertyPath: m_Name
      value: SM_Pipes (2)
      objectReference: {fileID: 0}
    - target: {fileID: 2040204536221451068, guid: 1fc78e3a66b1bb44fa03b4f480f28661, type: 3}
      propertyPath: m_IsActive
      value: 0
      objectReference: {fileID: 0}
    - target: {fileID: 4649867104345205412, guid: 1fc78e3a66b1bb44fa03b4f480f28661, type: 3}
      propertyPath: m_StaticEditorFlags
      value: 2147483647
      objectReference: {fileID: 0}
    - target: {fileID: 5525167967550976496, guid: 1fc78e3a66b1bb44fa03b4f480f28661, type: 3}
      propertyPath: m_LocalPosition.x
      value: -2.1436577
      objectReference: {fileID: 0}
    - target: {fileID: 5525167967550976496, guid: 1fc78e3a66b1bb44fa03b4f480f28661, type: 3}
      propertyPath: m_LocalPosition.y
      value: 0.15
      objectReference: {fileID: 0}
    - target: {fileID: 5525167967550976496, guid: 1fc78e3a66b1bb44fa03b4f480f28661, type: 3}
      propertyPath: m_LocalPosition.z
      value: 0.67312676
      objectReference: {fileID: 0}
    - target: {fileID: 5525167967550976496, guid: 1fc78e3a66b1bb44fa03b4f480f28661, type: 3}
      propertyPath: m_LocalRotation.w
      value: 0.98188436
      objectReference: {fileID: 0}
    - target: {fileID: 5525167967550976496, guid: 1fc78e3a66b1bb44fa03b4f480f28661, type: 3}
      propertyPath: m_LocalRotation.x
      value: 0.0049324566
      objectReference: {fileID: 0}
    - target: {fileID: 5525167967550976496, guid: 1fc78e3a66b1bb44fa03b4f480f28661, type: 3}
      propertyPath: m_LocalRotation.y
      value: 0.05854983
      objectReference: {fileID: 0}
    - target: {fileID: 5525167967550976496, guid: 1fc78e3a66b1bb44fa03b4f480f28661, type: 3}
      propertyPath: m_LocalRotation.z
      value: 0.18014081
      objectReference: {fileID: 0}
    - target: {fileID: 5525167967550976496, guid: 1fc78e3a66b1bb44fa03b4f480f28661, type: 3}
      propertyPath: m_LocalEulerAnglesHint.x
      value: -0.654
      objectReference: {fileID: 0}
    - target: {fileID: 5525167967550976496, guid: 1fc78e3a66b1bb44fa03b4f480f28661, type: 3}
      propertyPath: m_LocalEulerAnglesHint.y
      value: 6.705
      objectReference: {fileID: 0}
    - target: {fileID: 5525167967550976496, guid: 1fc78e3a66b1bb44fa03b4f480f28661, type: 3}
      propertyPath: m_LocalEulerAnglesHint.z
      value: 20.754
      objectReference: {fileID: 0}
    - target: {fileID: 5525167968524502930, guid: 1fc78e3a66b1bb44fa03b4f480f28661, type: 3}
      propertyPath: m_LocalPosition.x
      value: -1.6446868
      objectReference: {fileID: 0}
    - target: {fileID: 5525167968524502930, guid: 1fc78e3a66b1bb44fa03b4f480f28661, type: 3}
      propertyPath: m_LocalPosition.y
      value: 0.16
      objectReference: {fileID: 0}
    - target: {fileID: 5525167968524502930, guid: 1fc78e3a66b1bb44fa03b4f480f28661, type: 3}
      propertyPath: m_LocalPosition.z
      value: 0.6297774
      objectReference: {fileID: 0}
    - target: {fileID: 5525167968524502930, guid: 1fc78e3a66b1bb44fa03b4f480f28661, type: 3}
      propertyPath: m_LocalRotation.w
      value: 0.9817484
      objectReference: {fileID: 0}
    - target: {fileID: 5525167968524502930, guid: 1fc78e3a66b1bb44fa03b4f480f28661, type: 3}
      propertyPath: m_LocalRotation.x
      value: 0.01706582
      objectReference: {fileID: 0}
    - target: {fileID: 5525167968524502930, guid: 1fc78e3a66b1bb44fa03b4f480f28661, type: 3}
      propertyPath: m_LocalRotation.y
      value: 0.0607714
      objectReference: {fileID: 0}
    - target: {fileID: 5525167968524502930, guid: 1fc78e3a66b1bb44fa03b4f480f28661, type: 3}
      propertyPath: m_LocalRotation.z
      value: 0.17940356
      objectReference: {fileID: 0}
    - target: {fileID: 5525167968524502930, guid: 1fc78e3a66b1bb44fa03b4f480f28661, type: 3}
      propertyPath: m_LocalEulerAnglesHint.x
      value: 0.671
      objectReference: {fileID: 0}
    - target: {fileID: 5525167968524502930, guid: 1fc78e3a66b1bb44fa03b4f480f28661, type: 3}
      propertyPath: m_LocalEulerAnglesHint.y
      value: 7.207
      objectReference: {fileID: 0}
    - target: {fileID: 5525167968524502930, guid: 1fc78e3a66b1bb44fa03b4f480f28661, type: 3}
      propertyPath: m_LocalEulerAnglesHint.z
      value: 20.754
      objectReference: {fileID: 0}
    - target: {fileID: 6597482598354791301, guid: 1fc78e3a66b1bb44fa03b4f480f28661, type: 3}
      propertyPath: m_LocalPosition.x
      value: -2.263244
      objectReference: {fileID: 0}
    - target: {fileID: 6597482598354791301, guid: 1fc78e3a66b1bb44fa03b4f480f28661, type: 3}
      propertyPath: m_LocalPosition.y
      value: -0.35
      objectReference: {fileID: 0}
    - target: {fileID: 6597482598354791301, guid: 1fc78e3a66b1bb44fa03b4f480f28661, type: 3}
      propertyPath: m_LocalPosition.z
      value: 0.04866264
      objectReference: {fileID: 0}
    - target: {fileID: 6597482598354791301, guid: 1fc78e3a66b1bb44fa03b4f480f28661, type: 3}
      propertyPath: m_LocalRotation.w
      value: 0.98248625
      objectReference: {fileID: 0}
    - target: {fileID: 6597482598354791301, guid: 1fc78e3a66b1bb44fa03b4f480f28661, type: 3}
      propertyPath: m_LocalRotation.x
      value: -0.024304865
      objectReference: {fileID: 0}
    - target: {fileID: 6597482598354791301, guid: 1fc78e3a66b1bb44fa03b4f480f28661, type: 3}
      propertyPath: m_LocalRotation.y
      value: -0.00860092
      objectReference: {fileID: 0}
    - target: {fileID: 6597482598354791301, guid: 1fc78e3a66b1bb44fa03b4f480f28661, type: 3}
      propertyPath: m_LocalRotation.z
      value: 0.18454288
      objectReference: {fileID: 0}
    - target: {fileID: 6597482598354791301, guid: 1fc78e3a66b1bb44fa03b4f480f28661, type: 3}
      propertyPath: m_LocalEulerAnglesHint.x
      value: -2.555
      objectReference: {fileID: 0}
    - target: {fileID: 6597482598354791301, guid: 1fc78e3a66b1bb44fa03b4f480f28661, type: 3}
      propertyPath: m_LocalEulerAnglesHint.y
      value: -1.484
      objectReference: {fileID: 0}
    - target: {fileID: 6597482598354791301, guid: 1fc78e3a66b1bb44fa03b4f480f28661, type: 3}
      propertyPath: m_LocalEulerAnglesHint.z
      value: 21.309
      objectReference: {fileID: 0}
    m_RemovedComponents: []
  m_SourcePrefab: {fileID: 100100000, guid: 1fc78e3a66b1bb44fa03b4f480f28661, type: 3}
--- !u!4 &2483702067391973609 stripped
Transform:
  m_CorrespondingSourceObject: {fileID: 408104288221118108, guid: 1fc78e3a66b1bb44fa03b4f480f28661, type: 3}
  m_PrefabInstance: {fileID: 2872735188099987061}
  m_PrefabAsset: {fileID: 0}
--- !u!1001 &3604637855831201723
PrefabInstance:
  m_ObjectHideFlags: 0
  serializedVersion: 2
  m_Modification:
    m_TransformParent: {fileID: 7151790706685897552}
    m_Modifications:
    - target: {fileID: 853951665512266109, guid: 7502f0279229b8844941b13cc0c5014c, type: 3}
      propertyPath: m_StaticEditorFlags
      value: 2147483647
      objectReference: {fileID: 0}
    - target: {fileID: 2732932328291902560, guid: 7502f0279229b8844941b13cc0c5014c, type: 3}
      propertyPath: m_StaticEditorFlags
      value: 2147483647
      objectReference: {fileID: 0}
    - target: {fileID: 2923219927863744956, guid: 7502f0279229b8844941b13cc0c5014c, type: 3}
      propertyPath: m_StaticEditorFlags
      value: 2147483647
      objectReference: {fileID: 0}
    - target: {fileID: 4570510624048736227, guid: 7502f0279229b8844941b13cc0c5014c, type: 3}
      propertyPath: m_StaticEditorFlags
      value: 2147483647
      objectReference: {fileID: 0}
    - target: {fileID: 4953302510406675021, guid: 7502f0279229b8844941b13cc0c5014c, type: 3}
      propertyPath: m_StaticEditorFlags
      value: 2147483647
      objectReference: {fileID: 0}
    - target: {fileID: 5356792743937202180, guid: 7502f0279229b8844941b13cc0c5014c, type: 3}
      propertyPath: m_StaticEditorFlags
      value: 2147483647
      objectReference: {fileID: 0}
    - target: {fileID: 5683357171660294168, guid: 7502f0279229b8844941b13cc0c5014c, type: 3}
      propertyPath: m_StaticEditorFlags
      value: 2147483647
      objectReference: {fileID: 0}
    - target: {fileID: 6128594751232994803, guid: 7502f0279229b8844941b13cc0c5014c, type: 3}
      propertyPath: m_StaticEditorFlags
      value: 2147483647
      objectReference: {fileID: 0}
    - target: {fileID: 6547426698072054886, guid: 7502f0279229b8844941b13cc0c5014c, type: 3}
      propertyPath: m_StaticEditorFlags
      value: 2147483647
      objectReference: {fileID: 0}
    - target: {fileID: 7214050198011095389, guid: 7502f0279229b8844941b13cc0c5014c, type: 3}
      propertyPath: m_StaticEditorFlags
      value: 2147483647
      objectReference: {fileID: 0}
    - target: {fileID: 8500923826672418914, guid: 7502f0279229b8844941b13cc0c5014c, type: 3}
      propertyPath: m_StaticEditorFlags
      value: 2147483647
      objectReference: {fileID: 0}
    - target: {fileID: 9055343393577115176, guid: 7502f0279229b8844941b13cc0c5014c, type: 3}
      propertyPath: m_StaticEditorFlags
      value: 2147483647
      objectReference: {fileID: 0}
    - target: {fileID: 9129563212108036184, guid: 7502f0279229b8844941b13cc0c5014c, type: 3}
      propertyPath: m_RootOrder
      value: 0
      objectReference: {fileID: 0}
    - target: {fileID: 9129563212108036184, guid: 7502f0279229b8844941b13cc0c5014c, type: 3}
      propertyPath: m_LocalPosition.x
      value: 0.7200012
      objectReference: {fileID: 0}
    - target: {fileID: 9129563212108036184, guid: 7502f0279229b8844941b13cc0c5014c, type: 3}
      propertyPath: m_LocalPosition.y
      value: 0
      objectReference: {fileID: 0}
    - target: {fileID: 9129563212108036184, guid: 7502f0279229b8844941b13cc0c5014c, type: 3}
      propertyPath: m_LocalPosition.z
      value: -29.29
      objectReference: {fileID: 0}
    - target: {fileID: 9129563212108036184, guid: 7502f0279229b8844941b13cc0c5014c, type: 3}
      propertyPath: m_LocalRotation.w
      value: 0.70717055
      objectReference: {fileID: 0}
    - target: {fileID: 9129563212108036184, guid: 7502f0279229b8844941b13cc0c5014c, type: 3}
      propertyPath: m_LocalRotation.x
      value: -0
      objectReference: {fileID: 0}
    - target: {fileID: 9129563212108036184, guid: 7502f0279229b8844941b13cc0c5014c, type: 3}
      propertyPath: m_LocalRotation.y
      value: 0.707043
      objectReference: {fileID: 0}
    - target: {fileID: 9129563212108036184, guid: 7502f0279229b8844941b13cc0c5014c, type: 3}
      propertyPath: m_LocalRotation.z
      value: -0
      objectReference: {fileID: 0}
    - target: {fileID: 9129563212108036184, guid: 7502f0279229b8844941b13cc0c5014c, type: 3}
      propertyPath: m_LocalEulerAnglesHint.x
      value: 0
      objectReference: {fileID: 0}
    - target: {fileID: 9129563212108036184, guid: 7502f0279229b8844941b13cc0c5014c, type: 3}
      propertyPath: m_LocalEulerAnglesHint.y
      value: 89.99
      objectReference: {fileID: 0}
    - target: {fileID: 9129563212108036184, guid: 7502f0279229b8844941b13cc0c5014c, type: 3}
      propertyPath: m_LocalEulerAnglesHint.z
      value: 0
      objectReference: {fileID: 0}
    - target: {fileID: 9129563212108036187, guid: 7502f0279229b8844941b13cc0c5014c, type: 3}
      propertyPath: m_Name
      value: SM_Road1Line_mini
      objectReference: {fileID: 0}
    - target: {fileID: 9129563212108036187, guid: 7502f0279229b8844941b13cc0c5014c, type: 3}
      propertyPath: m_StaticEditorFlags
      value: 2147483647
      objectReference: {fileID: 0}
    m_RemovedComponents: []
  m_SourcePrefab: {fileID: 100100000, guid: 7502f0279229b8844941b13cc0c5014c, type: 3}
--- !u!4 &5527190350517694435 stripped
Transform:
  m_CorrespondingSourceObject: {fileID: 9129563212108036184, guid: 7502f0279229b8844941b13cc0c5014c, type: 3}
  m_PrefabInstance: {fileID: 3604637855831201723}
  m_PrefabAsset: {fileID: 0}
--- !u!1001 &4142494553045613084
PrefabInstance:
  m_ObjectHideFlags: 0
  serializedVersion: 2
  m_Modification:
    m_TransformParent: {fileID: 7151790706685897552}
    m_Modifications:
    - target: {fileID: 1062625423942381037, guid: e5db34b619c1d4e46bea14a11c3a4ae8, type: 3}
      propertyPath: m_LocalRotation.w
      value: 0.97131383
      objectReference: {fileID: 0}
    - target: {fileID: 1062625423942381037, guid: e5db34b619c1d4e46bea14a11c3a4ae8, type: 3}
      propertyPath: m_LocalRotation.x
      value: -0
      objectReference: {fileID: 0}
    - target: {fileID: 1062625423942381037, guid: e5db34b619c1d4e46bea14a11c3a4ae8, type: 3}
      propertyPath: m_LocalRotation.y
      value: 0.2378012
      objectReference: {fileID: 0}
    - target: {fileID: 1062625423942381037, guid: e5db34b619c1d4e46bea14a11c3a4ae8, type: 3}
      propertyPath: m_LocalEulerAnglesHint.y
      value: 27.514
      objectReference: {fileID: 0}
    - target: {fileID: 1926349181448679044, guid: e5db34b619c1d4e46bea14a11c3a4ae8, type: 3}
      propertyPath: m_StaticEditorFlags
      value: 2147483647
      objectReference: {fileID: 0}
    - target: {fileID: 6276763027861245003, guid: e5db34b619c1d4e46bea14a11c3a4ae8, type: 3}
      propertyPath: m_StaticEditorFlags
      value: 2147483647
      objectReference: {fileID: 0}
    - target: {fileID: 7222593909051996687, guid: e5db34b619c1d4e46bea14a11c3a4ae8, type: 3}
      propertyPath: m_RootOrder
      value: 3
      objectReference: {fileID: 0}
    - target: {fileID: 7222593909051996687, guid: e5db34b619c1d4e46bea14a11c3a4ae8, type: 3}
      propertyPath: m_LocalPosition.x
      value: -0.67
      objectReference: {fileID: 0}
    - target: {fileID: 7222593909051996687, guid: e5db34b619c1d4e46bea14a11c3a4ae8, type: 3}
      propertyPath: m_LocalPosition.y
      value: 0
      objectReference: {fileID: 0}
    - target: {fileID: 7222593909051996687, guid: e5db34b619c1d4e46bea14a11c3a4ae8, type: 3}
      propertyPath: m_LocalPosition.z
      value: -1.27
      objectReference: {fileID: 0}
    - target: {fileID: 7222593909051996687, guid: e5db34b619c1d4e46bea14a11c3a4ae8, type: 3}
      propertyPath: m_LocalRotation.w
      value: 0.36240244
      objectReference: {fileID: 0}
    - target: {fileID: 7222593909051996687, guid: e5db34b619c1d4e46bea14a11c3a4ae8, type: 3}
      propertyPath: m_LocalRotation.x
      value: -0
      objectReference: {fileID: 0}
    - target: {fileID: 7222593909051996687, guid: e5db34b619c1d4e46bea14a11c3a4ae8, type: 3}
      propertyPath: m_LocalRotation.y
      value: 0.9320217
      objectReference: {fileID: 0}
    - target: {fileID: 7222593909051996687, guid: e5db34b619c1d4e46bea14a11c3a4ae8, type: 3}
      propertyPath: m_LocalRotation.z
      value: -0
      objectReference: {fileID: 0}
    - target: {fileID: 7222593909051996687, guid: e5db34b619c1d4e46bea14a11c3a4ae8, type: 3}
      propertyPath: m_LocalEulerAnglesHint.x
      value: 0
      objectReference: {fileID: 0}
    - target: {fileID: 7222593909051996687, guid: e5db34b619c1d4e46bea14a11c3a4ae8, type: 3}
      propertyPath: m_LocalEulerAnglesHint.y
      value: 137.504
      objectReference: {fileID: 0}
    - target: {fileID: 7222593909051996687, guid: e5db34b619c1d4e46bea14a11c3a4ae8, type: 3}
      propertyPath: m_LocalEulerAnglesHint.z
      value: 0
      objectReference: {fileID: 0}
    - target: {fileID: 7526816667045864677, guid: e5db34b619c1d4e46bea14a11c3a4ae8, type: 3}
      propertyPath: m_StaticEditorFlags
      value: 2147483647
      objectReference: {fileID: 0}
    - target: {fileID: 8029951430913810613, guid: e5db34b619c1d4e46bea14a11c3a4ae8, type: 3}
      propertyPath: m_Name
      value: SM_Crane
      objectReference: {fileID: 0}
    - target: {fileID: 8029951430913810613, guid: e5db34b619c1d4e46bea14a11c3a4ae8, type: 3}
      propertyPath: m_StaticEditorFlags
      value: 2147483647
      objectReference: {fileID: 0}
    - target: {fileID: 8330903829798977800, guid: e5db34b619c1d4e46bea14a11c3a4ae8, type: 3}
      propertyPath: m_StaticEditorFlags
      value: 2147483647
      objectReference: {fileID: 0}
    m_RemovedComponents: []
  m_SourcePrefab: {fileID: 100100000, guid: e5db34b619c1d4e46bea14a11c3a4ae8, type: 3}
--- !u!4 &6721295054326431763 stripped
Transform:
  m_CorrespondingSourceObject: {fileID: 7222593909051996687, guid: e5db34b619c1d4e46bea14a11c3a4ae8, type: 3}
  m_PrefabInstance: {fileID: 4142494553045613084}
  m_PrefabAsset: {fileID: 0}
--- !u!1001 &4819317553342672860
PrefabInstance:
  m_ObjectHideFlags: 0
  serializedVersion: 2
  m_Modification:
    m_TransformParent: {fileID: 7151790706685897552}
    m_Modifications:
    - target: {fileID: 12294422793127606, guid: 68e9c07cef147e1429cc53f934e77956, type: 3}
      propertyPath: m_StaticEditorFlags
      value: 2147483647
      objectReference: {fileID: 0}
    - target: {fileID: 54683549228162990, guid: 68e9c07cef147e1429cc53f934e77956, type: 3}
      propertyPath: m_LocalPosition.x
      value: -0.43
      objectReference: {fileID: 0}
    - target: {fileID: 54683549228162990, guid: 68e9c07cef147e1429cc53f934e77956, type: 3}
      propertyPath: m_LocalPosition.z
      value: -5.49
      objectReference: {fileID: 0}
    - target: {fileID: 54683549228162990, guid: 68e9c07cef147e1429cc53f934e77956, type: 3}
      propertyPath: m_LocalRotation.w
      value: -0.09762128
      objectReference: {fileID: 0}
    - target: {fileID: 54683549228162990, guid: 68e9c07cef147e1429cc53f934e77956, type: 3}
      propertyPath: m_LocalRotation.x
      value: -0
      objectReference: {fileID: 0}
    - target: {fileID: 54683549228162990, guid: 68e9c07cef147e1429cc53f934e77956, type: 3}
      propertyPath: m_LocalRotation.y
      value: 0.99522364
      objectReference: {fileID: 0}
    - target: {fileID: 54683549228162990, guid: 68e9c07cef147e1429cc53f934e77956, type: 3}
      propertyPath: m_LocalRotation.z
      value: -0
      objectReference: {fileID: 0}
    - target: {fileID: 54683549228162990, guid: 68e9c07cef147e1429cc53f934e77956, type: 3}
      propertyPath: m_LocalEulerAnglesHint.y
      value: 191.204
      objectReference: {fileID: 0}
    - target: {fileID: 86791909822592877, guid: 68e9c07cef147e1429cc53f934e77956, type: 3}
      propertyPath: m_IsActive
      value: 0
      objectReference: {fileID: 0}
    - target: {fileID: 86791909822592877, guid: 68e9c07cef147e1429cc53f934e77956, type: 3}
      propertyPath: m_StaticEditorFlags
      value: 2147483647
      objectReference: {fileID: 0}
    - target: {fileID: 212340352745711255, guid: 68e9c07cef147e1429cc53f934e77956, type: 3}
      propertyPath: m_IsActive
      value: 0
      objectReference: {fileID: 0}
    - target: {fileID: 212340352745711255, guid: 68e9c07cef147e1429cc53f934e77956, type: 3}
      propertyPath: m_StaticEditorFlags
      value: 2147483647
      objectReference: {fileID: 0}
    - target: {fileID: 451368702125535120, guid: 68e9c07cef147e1429cc53f934e77956, type: 3}
      propertyPath: m_IsActive
      value: 0
      objectReference: {fileID: 0}
    - target: {fileID: 451368702125535120, guid: 68e9c07cef147e1429cc53f934e77956, type: 3}
      propertyPath: m_StaticEditorFlags
      value: 2147483647
      objectReference: {fileID: 0}
    - target: {fileID: 1312829887189725901, guid: 68e9c07cef147e1429cc53f934e77956, type: 3}
      propertyPath: m_IsActive
      value: 0
      objectReference: {fileID: 0}
    - target: {fileID: 1312829887189725901, guid: 68e9c07cef147e1429cc53f934e77956, type: 3}
      propertyPath: m_StaticEditorFlags
      value: 2147483647
      objectReference: {fileID: 0}
    - target: {fileID: 1985546154911632642, guid: 68e9c07cef147e1429cc53f934e77956, type: 3}
      propertyPath: m_IsActive
      value: 0
      objectReference: {fileID: 0}
    - target: {fileID: 1985546154911632642, guid: 68e9c07cef147e1429cc53f934e77956, type: 3}
      propertyPath: m_StaticEditorFlags
      value: 2147483647
      objectReference: {fileID: 0}
    - target: {fileID: 1986278783116423227, guid: 68e9c07cef147e1429cc53f934e77956, type: 3}
      propertyPath: m_IsActive
      value: 0
      objectReference: {fileID: 0}
    - target: {fileID: 1986278783116423227, guid: 68e9c07cef147e1429cc53f934e77956, type: 3}
      propertyPath: m_StaticEditorFlags
      value: 2147483647
      objectReference: {fileID: 0}
    - target: {fileID: 3423592529684491893, guid: 68e9c07cef147e1429cc53f934e77956, type: 3}
      propertyPath: m_StaticEditorFlags
      value: 2147483647
      objectReference: {fileID: 0}
    - target: {fileID: 3710737239886932149, guid: 68e9c07cef147e1429cc53f934e77956, type: 3}
      propertyPath: m_IsActive
      value: 0
      objectReference: {fileID: 0}
    - target: {fileID: 3710737239886932149, guid: 68e9c07cef147e1429cc53f934e77956, type: 3}
      propertyPath: m_StaticEditorFlags
      value: 2147483647
      objectReference: {fileID: 0}
    - target: {fileID: 3738989592065105347, guid: 68e9c07cef147e1429cc53f934e77956, type: 3}
      propertyPath: m_Material
      value: 
      objectReference: {fileID: 13400000, guid: 06950199d2acea549abd555324b34885, type: 2}
    - target: {fileID: 3978775432115722616, guid: 68e9c07cef147e1429cc53f934e77956, type: 3}
      propertyPath: m_IsActive
      value: 0
      objectReference: {fileID: 0}
    - target: {fileID: 3978775432115722616, guid: 68e9c07cef147e1429cc53f934e77956, type: 3}
      propertyPath: m_StaticEditorFlags
      value: 2147483647
      objectReference: {fileID: 0}
    - target: {fileID: 4126268682545250145, guid: 68e9c07cef147e1429cc53f934e77956, type: 3}
      propertyPath: m_IsActive
      value: 0
      objectReference: {fileID: 0}
    - target: {fileID: 4126268682545250145, guid: 68e9c07cef147e1429cc53f934e77956, type: 3}
      propertyPath: m_StaticEditorFlags
      value: 2147483647
      objectReference: {fileID: 0}
    - target: {fileID: 4519779374070660772, guid: 68e9c07cef147e1429cc53f934e77956, type: 3}
      propertyPath: m_Material
      value: 
      objectReference: {fileID: 13400000, guid: 06950199d2acea549abd555324b34885, type: 2}
    - target: {fileID: 5153794596665022102, guid: 68e9c07cef147e1429cc53f934e77956, type: 3}
      propertyPath: m_Enabled
      value: 0
      objectReference: {fileID: 0}
    - target: {fileID: 5517625794404137069, guid: 68e9c07cef147e1429cc53f934e77956, type: 3}
      propertyPath: m_StaticEditorFlags
      value: 2147483647
      objectReference: {fileID: 0}
    - target: {fileID: 6163601526270446895, guid: 68e9c07cef147e1429cc53f934e77956, type: 3}
      propertyPath: m_IsActive
      value: 0
      objectReference: {fileID: 0}
    - target: {fileID: 6163601526270446895, guid: 68e9c07cef147e1429cc53f934e77956, type: 3}
      propertyPath: m_StaticEditorFlags
      value: 2147483647
      objectReference: {fileID: 0}
    - target: {fileID: 6209620073558229730, guid: 68e9c07cef147e1429cc53f934e77956, type: 3}
      propertyPath: m_IsActive
      value: 0
      objectReference: {fileID: 0}
    - target: {fileID: 6209620073558229730, guid: 68e9c07cef147e1429cc53f934e77956, type: 3}
      propertyPath: m_StaticEditorFlags
      value: 2147483647
      objectReference: {fileID: 0}
    - target: {fileID: 6399147790594770883, guid: 68e9c07cef147e1429cc53f934e77956, type: 3}
      propertyPath: m_StaticEditorFlags
      value: 2147483647
      objectReference: {fileID: 0}
    - target: {fileID: 6559661583101614885, guid: 68e9c07cef147e1429cc53f934e77956, type: 3}
      propertyPath: m_StaticEditorFlags
      value: 2147483647
      objectReference: {fileID: 0}
    - target: {fileID: 6731859746795108328, guid: 68e9c07cef147e1429cc53f934e77956, type: 3}
      propertyPath: m_StaticEditorFlags
      value: 2147483647
      objectReference: {fileID: 0}
    - target: {fileID: 7068262936886687122, guid: 68e9c07cef147e1429cc53f934e77956, type: 3}
      propertyPath: m_Material
      value: 
      objectReference: {fileID: 13400000, guid: 06950199d2acea549abd555324b34885, type: 2}
    - target: {fileID: 7098028099990114371, guid: 68e9c07cef147e1429cc53f934e77956, type: 3}
      propertyPath: m_Enabled
      value: 0
      objectReference: {fileID: 0}
    - target: {fileID: 7577124120998718860, guid: 68e9c07cef147e1429cc53f934e77956, type: 3}
      propertyPath: m_IsActive
      value: 0
      objectReference: {fileID: 0}
    - target: {fileID: 7577124120998718860, guid: 68e9c07cef147e1429cc53f934e77956, type: 3}
      propertyPath: m_StaticEditorFlags
      value: 2147483647
      objectReference: {fileID: 0}
    - target: {fileID: 7597577663315666888, guid: 68e9c07cef147e1429cc53f934e77956, type: 3}
      propertyPath: m_StaticEditorFlags
      value: 2147483647
      objectReference: {fileID: 0}
    - target: {fileID: 7622206406222385408, guid: 68e9c07cef147e1429cc53f934e77956, type: 3}
      propertyPath: m_IsActive
      value: 0
      objectReference: {fileID: 0}
    - target: {fileID: 7622206406222385408, guid: 68e9c07cef147e1429cc53f934e77956, type: 3}
      propertyPath: m_StaticEditorFlags
      value: 2147483647
      objectReference: {fileID: 0}
    - target: {fileID: 7693743733232282942, guid: 68e9c07cef147e1429cc53f934e77956, type: 3}
      propertyPath: m_IsActive
      value: 0
      objectReference: {fileID: 0}
    - target: {fileID: 7693743733232282942, guid: 68e9c07cef147e1429cc53f934e77956, type: 3}
      propertyPath: m_StaticEditorFlags
      value: 2147483647
      objectReference: {fileID: 0}
    - target: {fileID: 8186806778289739693, guid: 68e9c07cef147e1429cc53f934e77956, type: 3}
      propertyPath: m_Enabled
      value: 0
      objectReference: {fileID: 0}
    - target: {fileID: 8272305156949016140, guid: 68e9c07cef147e1429cc53f934e77956, type: 3}
      propertyPath: m_IsActive
      value: 0
      objectReference: {fileID: 0}
    - target: {fileID: 8272305156949016140, guid: 68e9c07cef147e1429cc53f934e77956, type: 3}
      propertyPath: m_StaticEditorFlags
      value: 2147483647
      objectReference: {fileID: 0}
    - target: {fileID: 8596195608707455419, guid: 68e9c07cef147e1429cc53f934e77956, type: 3}
      propertyPath: m_Name
      value: SM_Truck_ALL (1)
      objectReference: {fileID: 0}
    - target: {fileID: 8596195608707455419, guid: 68e9c07cef147e1429cc53f934e77956, type: 3}
      propertyPath: m_StaticEditorFlags
      value: 2147483647
      objectReference: {fileID: 0}
    - target: {fileID: 8935144890895401729, guid: 68e9c07cef147e1429cc53f934e77956, type: 3}
      propertyPath: m_RootOrder
      value: 1
      objectReference: {fileID: 0}
    - target: {fileID: 8935144890895401729, guid: 68e9c07cef147e1429cc53f934e77956, type: 3}
      propertyPath: m_LocalPosition.x
      value: 1.995369
      objectReference: {fileID: 0}
    - target: {fileID: 8935144890895401729, guid: 68e9c07cef147e1429cc53f934e77956, type: 3}
      propertyPath: m_LocalPosition.y
      value: 0
      objectReference: {fileID: 0}
    - target: {fileID: 8935144890895401729, guid: 68e9c07cef147e1429cc53f934e77956, type: 3}
      propertyPath: m_LocalPosition.z
      value: -2.32
      objectReference: {fileID: 0}
    - target: {fileID: 8935144890895401729, guid: 68e9c07cef147e1429cc53f934e77956, type: 3}
      propertyPath: m_LocalRotation.w
      value: -0.99375355
      objectReference: {fileID: 0}
    - target: {fileID: 8935144890895401729, guid: 68e9c07cef147e1429cc53f934e77956, type: 3}
      propertyPath: m_LocalRotation.x
      value: -0
      objectReference: {fileID: 0}
    - target: {fileID: 8935144890895401729, guid: 68e9c07cef147e1429cc53f934e77956, type: 3}
      propertyPath: m_LocalRotation.y
      value: 0.11159702
      objectReference: {fileID: 0}
    - target: {fileID: 8935144890895401729, guid: 68e9c07cef147e1429cc53f934e77956, type: 3}
      propertyPath: m_LocalRotation.z
      value: -0
      objectReference: {fileID: 0}
    - target: {fileID: 8935144890895401729, guid: 68e9c07cef147e1429cc53f934e77956, type: 3}
      propertyPath: m_LocalEulerAnglesHint.x
      value: 0
      objectReference: {fileID: 0}
    - target: {fileID: 8935144890895401729, guid: 68e9c07cef147e1429cc53f934e77956, type: 3}
      propertyPath: m_LocalEulerAnglesHint.y
      value: -12.815
      objectReference: {fileID: 0}
    - target: {fileID: 8935144890895401729, guid: 68e9c07cef147e1429cc53f934e77956, type: 3}
      propertyPath: m_LocalEulerAnglesHint.z
      value: 0
      objectReference: {fileID: 0}
    m_RemovedComponents: []
  m_SourcePrefab: {fileID: 100100000, guid: 68e9c07cef147e1429cc53f934e77956, type: 3}
--- !u!4 &4531084359993453789 stripped
Transform:
  m_CorrespondingSourceObject: {fileID: 8935144890895401729, guid: 68e9c07cef147e1429cc53f934e77956, type: 3}
  m_PrefabInstance: {fileID: 4819317553342672860}
  m_PrefabAsset: {fileID: 0}
--- !u!1001 &5084137423531083334
PrefabInstance:
  m_ObjectHideFlags: 0
  serializedVersion: 2
  m_Modification:
    m_TransformParent: {fileID: 7151790706685897552}
    m_Modifications:
    - target: {fileID: 290525899883185633, guid: 997cd914859e0d94886f69b6c67fbb48, type: 3}
      propertyPath: m_Enabled
      value: 0
      objectReference: {fileID: 0}
    - target: {fileID: 290525899883185633, guid: 997cd914859e0d94886f69b6c67fbb48, type: 3}
      propertyPath: m_CastShadows
      value: 0
      objectReference: {fileID: 0}
    - target: {fileID: 290525899883185633, guid: 997cd914859e0d94886f69b6c67fbb48, type: 3}
      propertyPath: m_Materials.Array.data[0]
      value: 
      objectReference: {fileID: 0}
    - target: {fileID: 1993204537531782941, guid: 997cd914859e0d94886f69b6c67fbb48, type: 3}
      propertyPath: m_StaticEditorFlags
      value: 2147483647
      objectReference: {fileID: 0}
    - target: {fileID: 2668044497100736311, guid: 997cd914859e0d94886f69b6c67fbb48, type: 3}
      propertyPath: m_RootOrder
      value: 2
      objectReference: {fileID: 0}
    - target: {fileID: 2668044497100736311, guid: 997cd914859e0d94886f69b6c67fbb48, type: 3}
      propertyPath: m_LocalScale.x
      value: 1.2243005
      objectReference: {fileID: 0}
    - target: {fileID: 2668044497100736311, guid: 997cd914859e0d94886f69b6c67fbb48, type: 3}
      propertyPath: m_LocalPosition.x
      value: 2.94
      objectReference: {fileID: 0}
    - target: {fileID: 2668044497100736311, guid: 997cd914859e0d94886f69b6c67fbb48, type: 3}
      propertyPath: m_LocalPosition.y
      value: 1.12
      objectReference: {fileID: 0}
    - target: {fileID: 2668044497100736311, guid: 997cd914859e0d94886f69b6c67fbb48, type: 3}
      propertyPath: m_LocalPosition.z
      value: -7.313239
      objectReference: {fileID: 0}
    - target: {fileID: 2668044497100736311, guid: 997cd914859e0d94886f69b6c67fbb48, type: 3}
      propertyPath: m_LocalRotation.w
      value: 0.70327187
      objectReference: {fileID: 0}
    - target: {fileID: 2668044497100736311, guid: 997cd914859e0d94886f69b6c67fbb48, type: 3}
      propertyPath: m_LocalRotation.x
      value: -0
      objectReference: {fileID: 0}
    - target: {fileID: 2668044497100736311, guid: 997cd914859e0d94886f69b6c67fbb48, type: 3}
      propertyPath: m_LocalRotation.y
      value: 0.710921
      objectReference: {fileID: 0}
    - target: {fileID: 2668044497100736311, guid: 997cd914859e0d94886f69b6c67fbb48, type: 3}
      propertyPath: m_LocalRotation.z
      value: -0
      objectReference: {fileID: 0}
    - target: {fileID: 2668044497100736311, guid: 997cd914859e0d94886f69b6c67fbb48, type: 3}
      propertyPath: m_LocalEulerAnglesHint.x
      value: 0
      objectReference: {fileID: 0}
    - target: {fileID: 2668044497100736311, guid: 997cd914859e0d94886f69b6c67fbb48, type: 3}
      propertyPath: m_LocalEulerAnglesHint.y
      value: 90.62
      objectReference: {fileID: 0}
    - target: {fileID: 2668044497100736311, guid: 997cd914859e0d94886f69b6c67fbb48, type: 3}
      propertyPath: m_LocalEulerAnglesHint.z
      value: 0
      objectReference: {fileID: 0}
    - target: {fileID: 2969251084581529636, guid: 997cd914859e0d94886f69b6c67fbb48, type: 3}
      propertyPath: m_StaticEditorFlags
      value: 2147483647
      objectReference: {fileID: 0}
    - target: {fileID: 3336354755060456845, guid: 997cd914859e0d94886f69b6c67fbb48, type: 3}
      propertyPath: m_Name
      value: SM_ContainerBlue
      objectReference: {fileID: 0}
    - target: {fileID: 3336354755060456845, guid: 997cd914859e0d94886f69b6c67fbb48, type: 3}
      propertyPath: m_StaticEditorFlags
      value: 2147483647
      objectReference: {fileID: 0}
    - target: {fileID: 4954888854006637622, guid: 997cd914859e0d94886f69b6c67fbb48, type: 3}
      propertyPath: m_Material
      value: 
      objectReference: {fileID: 13400000, guid: 06950199d2acea549abd555324b34885, type: 2}
    - target: {fileID: 7200692792849139744, guid: 997cd914859e0d94886f69b6c67fbb48, type: 3}
      propertyPath: m_StaticEditorFlags
      value: 2147483647
      objectReference: {fileID: 0}
    m_RemovedComponents: []
  m_SourcePrefab: {fileID: 100100000, guid: 997cd914859e0d94886f69b6c67fbb48, type: 3}
--- !u!4 &7172176303699198321 stripped
Transform:
  m_CorrespondingSourceObject: {fileID: 2668044497100736311, guid: 997cd914859e0d94886f69b6c67fbb48, type: 3}
  m_PrefabInstance: {fileID: 5084137423531083334}
  m_PrefabAsset: {fileID: 0}
--- !u!1001 &6073934119304407271
PrefabInstance:
  m_ObjectHideFlags: 0
  serializedVersion: 2
  m_Modification:
    m_TransformParent: {fileID: 7151790706685897552}
    m_Modifications:
    - target: {fileID: 657807269099223598, guid: 0c2ef11efdcd31c43a6fec9a13eb9c53, type: 3}
      propertyPath: m_StaticEditorFlags
      value: 2147483647
      objectReference: {fileID: 0}
    - target: {fileID: 703087453668345506, guid: 0c2ef11efdcd31c43a6fec9a13eb9c53, type: 3}
      propertyPath: m_StaticEditorFlags
      value: 2147483647
      objectReference: {fileID: 0}
    - target: {fileID: 775728742760364700, guid: 0c2ef11efdcd31c43a6fec9a13eb9c53, type: 3}
      propertyPath: m_StaticEditorFlags
      value: 2147483647
      objectReference: {fileID: 0}
    - target: {fileID: 1354312116582738414, guid: 0c2ef11efdcd31c43a6fec9a13eb9c53, type: 3}
      propertyPath: m_StaticEditorFlags
      value: 2147483647
      objectReference: {fileID: 0}
    - target: {fileID: 1679148162427637273, guid: 0c2ef11efdcd31c43a6fec9a13eb9c53, type: 3}
      propertyPath: m_Name
      value: SM_Truck
      objectReference: {fileID: 0}
    - target: {fileID: 1679148162427637273, guid: 0c2ef11efdcd31c43a6fec9a13eb9c53, type: 3}
      propertyPath: m_StaticEditorFlags
      value: 2147483647
      objectReference: {fileID: 0}
    - target: {fileID: 2019399304695747747, guid: 0c2ef11efdcd31c43a6fec9a13eb9c53, type: 3}
      propertyPath: m_RootOrder
      value: 5
      objectReference: {fileID: 0}
    - target: {fileID: 2019399304695747747, guid: 0c2ef11efdcd31c43a6fec9a13eb9c53, type: 3}
      propertyPath: m_LocalPosition.x
      value: -1.44
      objectReference: {fileID: 0}
    - target: {fileID: 2019399304695747747, guid: 0c2ef11efdcd31c43a6fec9a13eb9c53, type: 3}
      propertyPath: m_LocalPosition.y
      value: 0
      objectReference: {fileID: 0}
    - target: {fileID: 2019399304695747747, guid: 0c2ef11efdcd31c43a6fec9a13eb9c53, type: 3}
      propertyPath: m_LocalPosition.z
      value: 15.64
      objectReference: {fileID: 0}
    - target: {fileID: 2019399304695747747, guid: 0c2ef11efdcd31c43a6fec9a13eb9c53, type: 3}
      propertyPath: m_LocalRotation.w
      value: -0.00013925134
      objectReference: {fileID: 0}
    - target: {fileID: 2019399304695747747, guid: 0c2ef11efdcd31c43a6fec9a13eb9c53, type: 3}
      propertyPath: m_LocalRotation.x
      value: -0
      objectReference: {fileID: 0}
    - target: {fileID: 2019399304695747747, guid: 0c2ef11efdcd31c43a6fec9a13eb9c53, type: 3}
      propertyPath: m_LocalRotation.y
      value: -1
      objectReference: {fileID: 0}
    - target: {fileID: 2019399304695747747, guid: 0c2ef11efdcd31c43a6fec9a13eb9c53, type: 3}
      propertyPath: m_LocalRotation.z
      value: -0
      objectReference: {fileID: 0}
    - target: {fileID: 2019399304695747747, guid: 0c2ef11efdcd31c43a6fec9a13eb9c53, type: 3}
      propertyPath: m_LocalEulerAnglesHint.x
      value: 0
      objectReference: {fileID: 0}
    - target: {fileID: 2019399304695747747, guid: 0c2ef11efdcd31c43a6fec9a13eb9c53, type: 3}
      propertyPath: m_LocalEulerAnglesHint.y
      value: -180.016
      objectReference: {fileID: 0}
    - target: {fileID: 2019399304695747747, guid: 0c2ef11efdcd31c43a6fec9a13eb9c53, type: 3}
      propertyPath: m_LocalEulerAnglesHint.z
      value: 0
      objectReference: {fileID: 0}
    - target: {fileID: 3859541902665702029, guid: 0c2ef11efdcd31c43a6fec9a13eb9c53, type: 3}
      propertyPath: m_StaticEditorFlags
      value: 2147483647
      objectReference: {fileID: 0}
    - target: {fileID: 3903313048331015488, guid: 0c2ef11efdcd31c43a6fec9a13eb9c53, type: 3}
      propertyPath: m_StaticEditorFlags
      value: 2147483647
      objectReference: {fileID: 0}
    - target: {fileID: 4255553598579297415, guid: 0c2ef11efdcd31c43a6fec9a13eb9c53, type: 3}
      propertyPath: m_StaticEditorFlags
      value: 2147483647
      objectReference: {fileID: 0}
    - target: {fileID: 4425354815836594250, guid: 0c2ef11efdcd31c43a6fec9a13eb9c53, type: 3}
      propertyPath: m_StaticEditorFlags
      value: 2147483647
      objectReference: {fileID: 0}
    - target: {fileID: 5080741600333645671, guid: 0c2ef11efdcd31c43a6fec9a13eb9c53, type: 3}
      propertyPath: m_StaticEditorFlags
      value: 2147483647
      objectReference: {fileID: 0}
    - target: {fileID: 5730075452156836311, guid: 0c2ef11efdcd31c43a6fec9a13eb9c53, type: 3}
      propertyPath: m_StaticEditorFlags
      value: 2147483647
      objectReference: {fileID: 0}
    - target: {fileID: 6014968365087342359, guid: 0c2ef11efdcd31c43a6fec9a13eb9c53, type: 3}
      propertyPath: m_StaticEditorFlags
      value: 2147483647
      objectReference: {fileID: 0}
    - target: {fileID: 6282848220594245338, guid: 0c2ef11efdcd31c43a6fec9a13eb9c53, type: 3}
      propertyPath: m_StaticEditorFlags
      value: 2147483647
      objectReference: {fileID: 0}
    - target: {fileID: 6930467743878975764, guid: 0c2ef11efdcd31c43a6fec9a13eb9c53, type: 3}
      propertyPath: m_StaticEditorFlags
      value: 2147483647
      objectReference: {fileID: 0}
    - target: {fileID: 7003663461886615759, guid: 0c2ef11efdcd31c43a6fec9a13eb9c53, type: 3}
      propertyPath: m_StaticEditorFlags
      value: 2147483647
      objectReference: {fileID: 0}
    - target: {fileID: 7130386142223642933, guid: 0c2ef11efdcd31c43a6fec9a13eb9c53, type: 3}
      propertyPath: m_StaticEditorFlags
      value: 2147483647
      objectReference: {fileID: 0}
    - target: {fileID: 7369524473366837298, guid: 0c2ef11efdcd31c43a6fec9a13eb9c53, type: 3}
      propertyPath: m_StaticEditorFlags
      value: 2147483647
      objectReference: {fileID: 0}
    - target: {fileID: 8232089549179561327, guid: 0c2ef11efdcd31c43a6fec9a13eb9c53, type: 3}
      propertyPath: m_StaticEditorFlags
      value: 2147483647
      objectReference: {fileID: 0}
    - target: {fileID: 8901445695553051296, guid: 0c2ef11efdcd31c43a6fec9a13eb9c53, type: 3}
      propertyPath: m_StaticEditorFlags
      value: 2147483647
      objectReference: {fileID: 0}
    - target: {fileID: 8905573595937548185, guid: 0c2ef11efdcd31c43a6fec9a13eb9c53, type: 3}
      propertyPath: m_StaticEditorFlags
      value: 2147483647
      objectReference: {fileID: 0}
    m_RemovedComponents: []
  m_SourcePrefab: {fileID: 100100000, guid: 0c2ef11efdcd31c43a6fec9a13eb9c53, type: 3}
--- !u!4 &5209725860735368260 stripped
Transform:
  m_CorrespondingSourceObject: {fileID: 2019399304695747747, guid: 0c2ef11efdcd31c43a6fec9a13eb9c53, type: 3}
  m_PrefabInstance: {fileID: 6073934119304407271}
  m_PrefabAsset: {fileID: 0}
--- !u!1001 &6905646755076460018
PrefabInstance:
  m_ObjectHideFlags: 0
  serializedVersion: 2
  m_Modification:
    m_TransformParent: {fileID: 7151790706685897552}
    m_Modifications:
    - target: {fileID: 408104288221118108, guid: 1fc78e3a66b1bb44fa03b4f480f28661, type: 3}
      propertyPath: m_RootOrder
      value: 6
      objectReference: {fileID: 0}
    - target: {fileID: 408104288221118108, guid: 1fc78e3a66b1bb44fa03b4f480f28661, type: 3}
      propertyPath: m_LocalPosition.x
      value: -1.09
      objectReference: {fileID: 0}
    - target: {fileID: 408104288221118108, guid: 1fc78e3a66b1bb44fa03b4f480f28661, type: 3}
      propertyPath: m_LocalPosition.y
      value: 0
      objectReference: {fileID: 0}
    - target: {fileID: 408104288221118108, guid: 1fc78e3a66b1bb44fa03b4f480f28661, type: 3}
      propertyPath: m_LocalPosition.z
      value: -9.41
      objectReference: {fileID: 0}
    - target: {fileID: 408104288221118108, guid: 1fc78e3a66b1bb44fa03b4f480f28661, type: 3}
      propertyPath: m_LocalRotation.w
      value: 1
      objectReference: {fileID: 0}
    - target: {fileID: 408104288221118108, guid: 1fc78e3a66b1bb44fa03b4f480f28661, type: 3}
      propertyPath: m_LocalRotation.x
      value: -0
      objectReference: {fileID: 0}
    - target: {fileID: 408104288221118108, guid: 1fc78e3a66b1bb44fa03b4f480f28661, type: 3}
      propertyPath: m_LocalRotation.y
      value: 0.00040461123
      objectReference: {fileID: 0}
    - target: {fileID: 408104288221118108, guid: 1fc78e3a66b1bb44fa03b4f480f28661, type: 3}
      propertyPath: m_LocalRotation.z
      value: -0
      objectReference: {fileID: 0}
    - target: {fileID: 408104288221118108, guid: 1fc78e3a66b1bb44fa03b4f480f28661, type: 3}
      propertyPath: m_LocalEulerAnglesHint.x
      value: 0
      objectReference: {fileID: 0}
    - target: {fileID: 408104288221118108, guid: 1fc78e3a66b1bb44fa03b4f480f28661, type: 3}
      propertyPath: m_LocalEulerAnglesHint.y
      value: 0.046
      objectReference: {fileID: 0}
    - target: {fileID: 408104288221118108, guid: 1fc78e3a66b1bb44fa03b4f480f28661, type: 3}
      propertyPath: m_LocalEulerAnglesHint.z
      value: 0
      objectReference: {fileID: 0}
    - target: {fileID: 716276361414277642, guid: 1fc78e3a66b1bb44fa03b4f480f28661, type: 3}
      propertyPath: m_LocalPosition.x
      value: -1.3475139
      objectReference: {fileID: 0}
    - target: {fileID: 716276361414277642, guid: 1fc78e3a66b1bb44fa03b4f480f28661, type: 3}
      propertyPath: m_LocalPosition.y
      value: -0.16
      objectReference: {fileID: 0}
    - target: {fileID: 716276361414277642, guid: 1fc78e3a66b1bb44fa03b4f480f28661, type: 3}
      propertyPath: m_LocalPosition.z
      value: 0.26607615
      objectReference: {fileID: 0}
    - target: {fileID: 716276361414277642, guid: 1fc78e3a66b1bb44fa03b4f480f28661, type: 3}
      propertyPath: m_LocalRotation.w
      value: 0.9840624
      objectReference: {fileID: 0}
    - target: {fileID: 716276361414277642, guid: 1fc78e3a66b1bb44fa03b4f480f28661, type: 3}
      propertyPath: m_LocalRotation.x
      value: 0.03880194
      objectReference: {fileID: 0}
    - target: {fileID: 716276361414277642, guid: 1fc78e3a66b1bb44fa03b4f480f28661, type: 3}
      propertyPath: m_LocalRotation.y
      value: 0.0009911547
      objectReference: {fileID: 0}
    - target: {fileID: 716276361414277642, guid: 1fc78e3a66b1bb44fa03b4f480f28661, type: 3}
      propertyPath: m_LocalRotation.z
      value: 0.17353599
      objectReference: {fileID: 0}
    - target: {fileID: 716276361414277642, guid: 1fc78e3a66b1bb44fa03b4f480f28661, type: 3}
      propertyPath: m_LocalEulerAnglesHint.x
      value: 4.36
      objectReference: {fileID: 0}
    - target: {fileID: 716276361414277642, guid: 1fc78e3a66b1bb44fa03b4f480f28661, type: 3}
      propertyPath: m_LocalEulerAnglesHint.y
      value: 0.886
      objectReference: {fileID: 0}
    - target: {fileID: 716276361414277642, guid: 1fc78e3a66b1bb44fa03b4f480f28661, type: 3}
      propertyPath: m_LocalEulerAnglesHint.z
      value: 20.036
      objectReference: {fileID: 0}
    - target: {fileID: 718423891287397456, guid: 1fc78e3a66b1bb44fa03b4f480f28661, type: 3}
      propertyPath: m_IsActive
      value: 0
      objectReference: {fileID: 0}
    - target: {fileID: 775733294123302875, guid: 1fc78e3a66b1bb44fa03b4f480f28661, type: 3}
      propertyPath: m_LocalPosition.x
      value: -1.7991489
      objectReference: {fileID: 0}
    - target: {fileID: 775733294123302875, guid: 1fc78e3a66b1bb44fa03b4f480f28661, type: 3}
      propertyPath: m_LocalPosition.y
      value: -0.25
      objectReference: {fileID: 0}
    - target: {fileID: 775733294123302875, guid: 1fc78e3a66b1bb44fa03b4f480f28661, type: 3}
      propertyPath: m_LocalPosition.z
      value: 0.63779414
      objectReference: {fileID: 0}
    - target: {fileID: 775733294123302875, guid: 1fc78e3a66b1bb44fa03b4f480f28661, type: 3}
      propertyPath: m_LocalRotation.w
      value: 0.98273444
      objectReference: {fileID: 0}
    - target: {fileID: 775733294123302875, guid: 1fc78e3a66b1bb44fa03b4f480f28661, type: 3}
      propertyPath: m_LocalRotation.x
      value: 0.010152769
      objectReference: {fileID: 0}
    - target: {fileID: 775733294123302875, guid: 1fc78e3a66b1bb44fa03b4f480f28661, type: 3}
      propertyPath: m_LocalRotation.y
      value: -0.002126102
      objectReference: {fileID: 0}
    - target: {fileID: 775733294123302875, guid: 1fc78e3a66b1bb44fa03b4f480f28661, type: 3}
      propertyPath: m_LocalRotation.z
      value: 0.18473099
      objectReference: {fileID: 0}
    - target: {fileID: 775733294123302875, guid: 1fc78e3a66b1bb44fa03b4f480f28661, type: 3}
      propertyPath: m_LocalEulerAnglesHint.x
      value: 1.188
      objectReference: {fileID: 0}
    - target: {fileID: 775733294123302875, guid: 1fc78e3a66b1bb44fa03b4f480f28661, type: 3}
      propertyPath: m_LocalEulerAnglesHint.y
      value: -0.025
      objectReference: {fileID: 0}
    - target: {fileID: 775733294123302875, guid: 1fc78e3a66b1bb44fa03b4f480f28661, type: 3}
      propertyPath: m_LocalEulerAnglesHint.z
      value: 21.292
      objectReference: {fileID: 0}
    - target: {fileID: 1072472560233079846, guid: 1fc78e3a66b1bb44fa03b4f480f28661, type: 3}
      propertyPath: m_Name
      value: SM_Pipes (1)
      objectReference: {fileID: 0}
    - target: {fileID: 2040204536221451068, guid: 1fc78e3a66b1bb44fa03b4f480f28661, type: 3}
      propertyPath: m_IsActive
      value: 0
      objectReference: {fileID: 0}
    - target: {fileID: 4649867104345205412, guid: 1fc78e3a66b1bb44fa03b4f480f28661, type: 3}
      propertyPath: m_StaticEditorFlags
      value: 2147483647
      objectReference: {fileID: 0}
    - target: {fileID: 5525167967550976496, guid: 1fc78e3a66b1bb44fa03b4f480f28661, type: 3}
      propertyPath: m_LocalPosition.x
      value: -2.1436577
      objectReference: {fileID: 0}
    - target: {fileID: 5525167967550976496, guid: 1fc78e3a66b1bb44fa03b4f480f28661, type: 3}
      propertyPath: m_LocalPosition.y
      value: 0.15
      objectReference: {fileID: 0}
    - target: {fileID: 5525167967550976496, guid: 1fc78e3a66b1bb44fa03b4f480f28661, type: 3}
      propertyPath: m_LocalPosition.z
      value: 0.67312676
      objectReference: {fileID: 0}
    - target: {fileID: 5525167967550976496, guid: 1fc78e3a66b1bb44fa03b4f480f28661, type: 3}
      propertyPath: m_LocalRotation.w
      value: 0.98188436
      objectReference: {fileID: 0}
    - target: {fileID: 5525167967550976496, guid: 1fc78e3a66b1bb44fa03b4f480f28661, type: 3}
      propertyPath: m_LocalRotation.x
      value: 0.0049324566
      objectReference: {fileID: 0}
    - target: {fileID: 5525167967550976496, guid: 1fc78e3a66b1bb44fa03b4f480f28661, type: 3}
      propertyPath: m_LocalRotation.y
      value: 0.05854983
      objectReference: {fileID: 0}
    - target: {fileID: 5525167967550976496, guid: 1fc78e3a66b1bb44fa03b4f480f28661, type: 3}
      propertyPath: m_LocalRotation.z
      value: 0.18014081
      objectReference: {fileID: 0}
    - target: {fileID: 5525167967550976496, guid: 1fc78e3a66b1bb44fa03b4f480f28661, type: 3}
      propertyPath: m_LocalEulerAnglesHint.x
      value: -0.654
      objectReference: {fileID: 0}
    - target: {fileID: 5525167967550976496, guid: 1fc78e3a66b1bb44fa03b4f480f28661, type: 3}
      propertyPath: m_LocalEulerAnglesHint.y
      value: 6.705
      objectReference: {fileID: 0}
    - target: {fileID: 5525167967550976496, guid: 1fc78e3a66b1bb44fa03b4f480f28661, type: 3}
      propertyPath: m_LocalEulerAnglesHint.z
      value: 20.754
      objectReference: {fileID: 0}
    - target: {fileID: 5525167968524502930, guid: 1fc78e3a66b1bb44fa03b4f480f28661, type: 3}
      propertyPath: m_LocalPosition.x
      value: -1.6446868
      objectReference: {fileID: 0}
    - target: {fileID: 5525167968524502930, guid: 1fc78e3a66b1bb44fa03b4f480f28661, type: 3}
      propertyPath: m_LocalPosition.y
      value: 0.16
      objectReference: {fileID: 0}
    - target: {fileID: 5525167968524502930, guid: 1fc78e3a66b1bb44fa03b4f480f28661, type: 3}
      propertyPath: m_LocalPosition.z
      value: 0.6297774
      objectReference: {fileID: 0}
    - target: {fileID: 5525167968524502930, guid: 1fc78e3a66b1bb44fa03b4f480f28661, type: 3}
      propertyPath: m_LocalRotation.w
      value: 0.9817484
      objectReference: {fileID: 0}
    - target: {fileID: 5525167968524502930, guid: 1fc78e3a66b1bb44fa03b4f480f28661, type: 3}
      propertyPath: m_LocalRotation.x
      value: 0.01706582
      objectReference: {fileID: 0}
    - target: {fileID: 5525167968524502930, guid: 1fc78e3a66b1bb44fa03b4f480f28661, type: 3}
      propertyPath: m_LocalRotation.y
      value: 0.0607714
      objectReference: {fileID: 0}
    - target: {fileID: 5525167968524502930, guid: 1fc78e3a66b1bb44fa03b4f480f28661, type: 3}
      propertyPath: m_LocalRotation.z
      value: 0.17940356
      objectReference: {fileID: 0}
    - target: {fileID: 5525167968524502930, guid: 1fc78e3a66b1bb44fa03b4f480f28661, type: 3}
      propertyPath: m_LocalEulerAnglesHint.x
      value: 0.671
      objectReference: {fileID: 0}
    - target: {fileID: 5525167968524502930, guid: 1fc78e3a66b1bb44fa03b4f480f28661, type: 3}
      propertyPath: m_LocalEulerAnglesHint.y
      value: 7.207
      objectReference: {fileID: 0}
    - target: {fileID: 5525167968524502930, guid: 1fc78e3a66b1bb44fa03b4f480f28661, type: 3}
      propertyPath: m_LocalEulerAnglesHint.z
      value: 20.754
      objectReference: {fileID: 0}
    - target: {fileID: 6597482598354791301, guid: 1fc78e3a66b1bb44fa03b4f480f28661, type: 3}
      propertyPath: m_LocalPosition.x
      value: -2.263244
      objectReference: {fileID: 0}
    - target: {fileID: 6597482598354791301, guid: 1fc78e3a66b1bb44fa03b4f480f28661, type: 3}
      propertyPath: m_LocalPosition.y
      value: -0.35
      objectReference: {fileID: 0}
    - target: {fileID: 6597482598354791301, guid: 1fc78e3a66b1bb44fa03b4f480f28661, type: 3}
      propertyPath: m_LocalPosition.z
      value: 0.04866264
      objectReference: {fileID: 0}
    - target: {fileID: 6597482598354791301, guid: 1fc78e3a66b1bb44fa03b4f480f28661, type: 3}
      propertyPath: m_LocalRotation.w
      value: 0.98248625
      objectReference: {fileID: 0}
    - target: {fileID: 6597482598354791301, guid: 1fc78e3a66b1bb44fa03b4f480f28661, type: 3}
      propertyPath: m_LocalRotation.x
      value: -0.024304865
      objectReference: {fileID: 0}
    - target: {fileID: 6597482598354791301, guid: 1fc78e3a66b1bb44fa03b4f480f28661, type: 3}
      propertyPath: m_LocalRotation.y
      value: -0.00860092
      objectReference: {fileID: 0}
    - target: {fileID: 6597482598354791301, guid: 1fc78e3a66b1bb44fa03b4f480f28661, type: 3}
      propertyPath: m_LocalRotation.z
      value: 0.18454288
      objectReference: {fileID: 0}
    - target: {fileID: 6597482598354791301, guid: 1fc78e3a66b1bb44fa03b4f480f28661, type: 3}
      propertyPath: m_LocalEulerAnglesHint.x
      value: -2.555
      objectReference: {fileID: 0}
    - target: {fileID: 6597482598354791301, guid: 1fc78e3a66b1bb44fa03b4f480f28661, type: 3}
      propertyPath: m_LocalEulerAnglesHint.y
      value: -1.484
      objectReference: {fileID: 0}
    - target: {fileID: 6597482598354791301, guid: 1fc78e3a66b1bb44fa03b4f480f28661, type: 3}
      propertyPath: m_LocalEulerAnglesHint.z
      value: 21.309
      objectReference: {fileID: 0}
    m_RemovedComponents: []
  m_SourcePrefab: {fileID: 100100000, guid: 1fc78e3a66b1bb44fa03b4f480f28661, type: 3}
--- !u!4 &6520132071024948078 stripped
Transform:
  m_CorrespondingSourceObject: {fileID: 408104288221118108, guid: 1fc78e3a66b1bb44fa03b4f480f28661, type: 3}
  m_PrefabInstance: {fileID: 6905646755076460018}
  m_PrefabAsset: {fileID: 0}
--- !u!1001 &8428275020406823686
PrefabInstance:
  m_ObjectHideFlags: 0
  serializedVersion: 2
  m_Modification:
    m_TransformParent: {fileID: 7151790706685897552}
    m_Modifications:
    - target: {fileID: 408104288221118108, guid: 1fc78e3a66b1bb44fa03b4f480f28661, type: 3}
      propertyPath: m_RootOrder
      value: 4
      objectReference: {fileID: 0}
    - target: {fileID: 408104288221118108, guid: 1fc78e3a66b1bb44fa03b4f480f28661, type: 3}
      propertyPath: m_LocalPosition.x
      value: -3.7
      objectReference: {fileID: 0}
    - target: {fileID: 408104288221118108, guid: 1fc78e3a66b1bb44fa03b4f480f28661, type: 3}
      propertyPath: m_LocalPosition.y
      value: 0
      objectReference: {fileID: 0}
    - target: {fileID: 408104288221118108, guid: 1fc78e3a66b1bb44fa03b4f480f28661, type: 3}
      propertyPath: m_LocalPosition.z
      value: -15.394333
      objectReference: {fileID: 0}
    - target: {fileID: 408104288221118108, guid: 1fc78e3a66b1bb44fa03b4f480f28661, type: 3}
      propertyPath: m_LocalRotation.w
      value: 0.00016738474
      objectReference: {fileID: 0}
    - target: {fileID: 408104288221118108, guid: 1fc78e3a66b1bb44fa03b4f480f28661, type: 3}
      propertyPath: m_LocalRotation.x
      value: -0
      objectReference: {fileID: 0}
    - target: {fileID: 408104288221118108, guid: 1fc78e3a66b1bb44fa03b4f480f28661, type: 3}
      propertyPath: m_LocalRotation.y
      value: 1
      objectReference: {fileID: 0}
    - target: {fileID: 408104288221118108, guid: 1fc78e3a66b1bb44fa03b4f480f28661, type: 3}
      propertyPath: m_LocalRotation.z
      value: -0
      objectReference: {fileID: 0}
    - target: {fileID: 408104288221118108, guid: 1fc78e3a66b1bb44fa03b4f480f28661, type: 3}
      propertyPath: m_LocalEulerAnglesHint.x
      value: 0
      objectReference: {fileID: 0}
    - target: {fileID: 408104288221118108, guid: 1fc78e3a66b1bb44fa03b4f480f28661, type: 3}
      propertyPath: m_LocalEulerAnglesHint.y
      value: 179.981
      objectReference: {fileID: 0}
    - target: {fileID: 408104288221118108, guid: 1fc78e3a66b1bb44fa03b4f480f28661, type: 3}
      propertyPath: m_LocalEulerAnglesHint.z
      value: 0
      objectReference: {fileID: 0}
    - target: {fileID: 716276361414277642, guid: 1fc78e3a66b1bb44fa03b4f480f28661, type: 3}
      propertyPath: m_LocalPosition.x
      value: -1.3475139
      objectReference: {fileID: 0}
    - target: {fileID: 716276361414277642, guid: 1fc78e3a66b1bb44fa03b4f480f28661, type: 3}
      propertyPath: m_LocalPosition.y
      value: -0.16
      objectReference: {fileID: 0}
    - target: {fileID: 716276361414277642, guid: 1fc78e3a66b1bb44fa03b4f480f28661, type: 3}
      propertyPath: m_LocalPosition.z
      value: 0.26607615
      objectReference: {fileID: 0}
    - target: {fileID: 716276361414277642, guid: 1fc78e3a66b1bb44fa03b4f480f28661, type: 3}
      propertyPath: m_LocalRotation.w
      value: 0.9840624
      objectReference: {fileID: 0}
    - target: {fileID: 716276361414277642, guid: 1fc78e3a66b1bb44fa03b4f480f28661, type: 3}
      propertyPath: m_LocalRotation.x
      value: 0.03880194
      objectReference: {fileID: 0}
    - target: {fileID: 716276361414277642, guid: 1fc78e3a66b1bb44fa03b4f480f28661, type: 3}
      propertyPath: m_LocalRotation.y
      value: 0.0009911547
      objectReference: {fileID: 0}
    - target: {fileID: 716276361414277642, guid: 1fc78e3a66b1bb44fa03b4f480f28661, type: 3}
      propertyPath: m_LocalRotation.z
      value: 0.17353599
      objectReference: {fileID: 0}
    - target: {fileID: 716276361414277642, guid: 1fc78e3a66b1bb44fa03b4f480f28661, type: 3}
      propertyPath: m_LocalEulerAnglesHint.x
      value: 4.36
      objectReference: {fileID: 0}
    - target: {fileID: 716276361414277642, guid: 1fc78e3a66b1bb44fa03b4f480f28661, type: 3}
      propertyPath: m_LocalEulerAnglesHint.y
      value: 0.886
      objectReference: {fileID: 0}
    - target: {fileID: 716276361414277642, guid: 1fc78e3a66b1bb44fa03b4f480f28661, type: 3}
      propertyPath: m_LocalEulerAnglesHint.z
      value: 20.036
      objectReference: {fileID: 0}
    - target: {fileID: 718423891287397456, guid: 1fc78e3a66b1bb44fa03b4f480f28661, type: 3}
      propertyPath: m_IsActive
      value: 0
      objectReference: {fileID: 0}
    - target: {fileID: 775733294123302875, guid: 1fc78e3a66b1bb44fa03b4f480f28661, type: 3}
      propertyPath: m_LocalPosition.x
      value: -1.7991489
      objectReference: {fileID: 0}
    - target: {fileID: 775733294123302875, guid: 1fc78e3a66b1bb44fa03b4f480f28661, type: 3}
      propertyPath: m_LocalPosition.y
      value: -0.25
      objectReference: {fileID: 0}
    - target: {fileID: 775733294123302875, guid: 1fc78e3a66b1bb44fa03b4f480f28661, type: 3}
      propertyPath: m_LocalPosition.z
      value: 0.63779414
      objectReference: {fileID: 0}
    - target: {fileID: 775733294123302875, guid: 1fc78e3a66b1bb44fa03b4f480f28661, type: 3}
      propertyPath: m_LocalRotation.w
      value: 0.98273444
      objectReference: {fileID: 0}
    - target: {fileID: 775733294123302875, guid: 1fc78e3a66b1bb44fa03b4f480f28661, type: 3}
      propertyPath: m_LocalRotation.x
      value: 0.010152769
      objectReference: {fileID: 0}
    - target: {fileID: 775733294123302875, guid: 1fc78e3a66b1bb44fa03b4f480f28661, type: 3}
      propertyPath: m_LocalRotation.y
      value: -0.002126102
      objectReference: {fileID: 0}
    - target: {fileID: 775733294123302875, guid: 1fc78e3a66b1bb44fa03b4f480f28661, type: 3}
      propertyPath: m_LocalRotation.z
      value: 0.18473099
      objectReference: {fileID: 0}
    - target: {fileID: 775733294123302875, guid: 1fc78e3a66b1bb44fa03b4f480f28661, type: 3}
      propertyPath: m_LocalEulerAnglesHint.x
      value: 1.188
      objectReference: {fileID: 0}
    - target: {fileID: 775733294123302875, guid: 1fc78e3a66b1bb44fa03b4f480f28661, type: 3}
      propertyPath: m_LocalEulerAnglesHint.y
      value: -0.025
      objectReference: {fileID: 0}
    - target: {fileID: 775733294123302875, guid: 1fc78e3a66b1bb44fa03b4f480f28661, type: 3}
      propertyPath: m_LocalEulerAnglesHint.z
      value: 21.292
      objectReference: {fileID: 0}
    - target: {fileID: 1072472560233079846, guid: 1fc78e3a66b1bb44fa03b4f480f28661, type: 3}
      propertyPath: m_Name
      value: SM_Pipes
      objectReference: {fileID: 0}
    - target: {fileID: 2040204536221451068, guid: 1fc78e3a66b1bb44fa03b4f480f28661, type: 3}
      propertyPath: m_IsActive
      value: 0
      objectReference: {fileID: 0}
    - target: {fileID: 4649867104345205412, guid: 1fc78e3a66b1bb44fa03b4f480f28661, type: 3}
      propertyPath: m_StaticEditorFlags
      value: 2147483647
      objectReference: {fileID: 0}
    - target: {fileID: 5525167967550976496, guid: 1fc78e3a66b1bb44fa03b4f480f28661, type: 3}
      propertyPath: m_LocalPosition.x
      value: -2.1436577
      objectReference: {fileID: 0}
    - target: {fileID: 5525167967550976496, guid: 1fc78e3a66b1bb44fa03b4f480f28661, type: 3}
      propertyPath: m_LocalPosition.y
      value: 0.15
      objectReference: {fileID: 0}
    - target: {fileID: 5525167967550976496, guid: 1fc78e3a66b1bb44fa03b4f480f28661, type: 3}
      propertyPath: m_LocalPosition.z
      value: 0.67312676
      objectReference: {fileID: 0}
    - target: {fileID: 5525167967550976496, guid: 1fc78e3a66b1bb44fa03b4f480f28661, type: 3}
      propertyPath: m_LocalRotation.w
      value: 0.98188436
      objectReference: {fileID: 0}
    - target: {fileID: 5525167967550976496, guid: 1fc78e3a66b1bb44fa03b4f480f28661, type: 3}
      propertyPath: m_LocalRotation.x
      value: 0.0049324566
      objectReference: {fileID: 0}
    - target: {fileID: 5525167967550976496, guid: 1fc78e3a66b1bb44fa03b4f480f28661, type: 3}
      propertyPath: m_LocalRotation.y
      value: 0.05854983
      objectReference: {fileID: 0}
    - target: {fileID: 5525167967550976496, guid: 1fc78e3a66b1bb44fa03b4f480f28661, type: 3}
      propertyPath: m_LocalRotation.z
      value: 0.18014081
      objectReference: {fileID: 0}
    - target: {fileID: 5525167967550976496, guid: 1fc78e3a66b1bb44fa03b4f480f28661, type: 3}
      propertyPath: m_LocalEulerAnglesHint.x
      value: -0.654
      objectReference: {fileID: 0}
    - target: {fileID: 5525167967550976496, guid: 1fc78e3a66b1bb44fa03b4f480f28661, type: 3}
      propertyPath: m_LocalEulerAnglesHint.y
      value: 6.705
      objectReference: {fileID: 0}
    - target: {fileID: 5525167967550976496, guid: 1fc78e3a66b1bb44fa03b4f480f28661, type: 3}
      propertyPath: m_LocalEulerAnglesHint.z
      value: 20.754
      objectReference: {fileID: 0}
    - target: {fileID: 5525167968524502930, guid: 1fc78e3a66b1bb44fa03b4f480f28661, type: 3}
      propertyPath: m_LocalPosition.x
      value: -1.6446868
      objectReference: {fileID: 0}
    - target: {fileID: 5525167968524502930, guid: 1fc78e3a66b1bb44fa03b4f480f28661, type: 3}
      propertyPath: m_LocalPosition.y
      value: 0.16
      objectReference: {fileID: 0}
    - target: {fileID: 5525167968524502930, guid: 1fc78e3a66b1bb44fa03b4f480f28661, type: 3}
      propertyPath: m_LocalPosition.z
      value: 0.6297774
      objectReference: {fileID: 0}
    - target: {fileID: 5525167968524502930, guid: 1fc78e3a66b1bb44fa03b4f480f28661, type: 3}
      propertyPath: m_LocalRotation.w
      value: 0.9817484
      objectReference: {fileID: 0}
    - target: {fileID: 5525167968524502930, guid: 1fc78e3a66b1bb44fa03b4f480f28661, type: 3}
      propertyPath: m_LocalRotation.x
      value: 0.01706582
      objectReference: {fileID: 0}
    - target: {fileID: 5525167968524502930, guid: 1fc78e3a66b1bb44fa03b4f480f28661, type: 3}
      propertyPath: m_LocalRotation.y
      value: 0.0607714
      objectReference: {fileID: 0}
    - target: {fileID: 5525167968524502930, guid: 1fc78e3a66b1bb44fa03b4f480f28661, type: 3}
      propertyPath: m_LocalRotation.z
      value: 0.17940356
      objectReference: {fileID: 0}
    - target: {fileID: 5525167968524502930, guid: 1fc78e3a66b1bb44fa03b4f480f28661, type: 3}
      propertyPath: m_LocalEulerAnglesHint.x
      value: 0.671
      objectReference: {fileID: 0}
    - target: {fileID: 5525167968524502930, guid: 1fc78e3a66b1bb44fa03b4f480f28661, type: 3}
      propertyPath: m_LocalEulerAnglesHint.y
      value: 7.207
      objectReference: {fileID: 0}
    - target: {fileID: 5525167968524502930, guid: 1fc78e3a66b1bb44fa03b4f480f28661, type: 3}
      propertyPath: m_LocalEulerAnglesHint.z
      value: 20.754
      objectReference: {fileID: 0}
    - target: {fileID: 6597482598354791301, guid: 1fc78e3a66b1bb44fa03b4f480f28661, type: 3}
      propertyPath: m_LocalPosition.x
      value: -2.263244
      objectReference: {fileID: 0}
    - target: {fileID: 6597482598354791301, guid: 1fc78e3a66b1bb44fa03b4f480f28661, type: 3}
      propertyPath: m_LocalPosition.y
      value: -0.35
      objectReference: {fileID: 0}
    - target: {fileID: 6597482598354791301, guid: 1fc78e3a66b1bb44fa03b4f480f28661, type: 3}
      propertyPath: m_LocalPosition.z
      value: 0.04866264
      objectReference: {fileID: 0}
    - target: {fileID: 6597482598354791301, guid: 1fc78e3a66b1bb44fa03b4f480f28661, type: 3}
      propertyPath: m_LocalRotation.w
      value: 0.98248625
      objectReference: {fileID: 0}
    - target: {fileID: 6597482598354791301, guid: 1fc78e3a66b1bb44fa03b4f480f28661, type: 3}
      propertyPath: m_LocalRotation.x
      value: -0.024304865
      objectReference: {fileID: 0}
    - target: {fileID: 6597482598354791301, guid: 1fc78e3a66b1bb44fa03b4f480f28661, type: 3}
      propertyPath: m_LocalRotation.y
      value: -0.00860092
      objectReference: {fileID: 0}
    - target: {fileID: 6597482598354791301, guid: 1fc78e3a66b1bb44fa03b4f480f28661, type: 3}
      propertyPath: m_LocalRotation.z
      value: 0.18454288
      objectReference: {fileID: 0}
    - target: {fileID: 6597482598354791301, guid: 1fc78e3a66b1bb44fa03b4f480f28661, type: 3}
      propertyPath: m_LocalEulerAnglesHint.x
      value: -2.555
      objectReference: {fileID: 0}
    - target: {fileID: 6597482598354791301, guid: 1fc78e3a66b1bb44fa03b4f480f28661, type: 3}
      propertyPath: m_LocalEulerAnglesHint.y
      value: -1.484
      objectReference: {fileID: 0}
    - target: {fileID: 6597482598354791301, guid: 1fc78e3a66b1bb44fa03b4f480f28661, type: 3}
      propertyPath: m_LocalEulerAnglesHint.z
      value: 21.309
      objectReference: {fileID: 0}
    m_RemovedComponents: []
  m_SourcePrefab: {fileID: 100100000, guid: 1fc78e3a66b1bb44fa03b4f480f28661, type: 3}
--- !u!4 &8169212832741467546 stripped
Transform:
  m_CorrespondingSourceObject: {fileID: 408104288221118108, guid: 1fc78e3a66b1bb44fa03b4f480f28661, type: 3}
  m_PrefabInstance: {fileID: 8428275020406823686}
  m_PrefabAsset: {fileID: 0}
